 Dungeon Crawl Stone Soup version 0.26.1-15-g04117e645d (webtiles) character file.

Game seed: 13252417539550950049

1339282 sleeves the Unseen (level 27, 137/185 HPs)
             Began as a Halfling Ice Elementalist on Oct 2, 2022.
             Was the Champion of Zin.
             Escaped with the Orb
             ... and 3 runes!
             The game lasted 05:18:22 (128041 turns).

sleeves the Unseen (Halfling Ice Elementalist)    Turns: 128041, Time: 05:18:23

Health: 137/185    AC: 33    Str: 18    XL:     27
Magic:  31/48      EV: 31    Int: 19    God:    Zin [******]
Gold:   2170       SH: 19    Dex: 19    Spells: 4/50 levels left

rFire    + + +     SeeInvis +   b - +7 Spriggan's Knife {stab, EV+4 Stlth+}
rCold    x . .     Faith    .   T - +4 kite shield {reflect} {Donald}
rNeg     + . .     Spirit   +   W - +8 fire dragon scales
rPois    +         Reflect  +   P - +2 helmet {SInv}
rElec    +         Harm     .   n - +1 cloak {rCorr}
rCorr    +         Rampage  .   x - +0 pair of gloves
Will     ++++.                  G - +1 pair of boots of Vynuentuach {Str+4 Int+2}
Stlth    +++.......             o - amulet of Beauty {Spirit rElec rPois Will+}
HPRegen  0.40/turn              y - ring "Qutria" {rF+ rN+ EV+4}
MPRegen  0.31/turn              S - ring of Regeid {Wiz Will+ MP+9}

@: swift, hasted, studying Long Blades, very quick
A: small, mutation resistance 1
0: Orb of Zot
}: 3/15 runes: decaying, serpentine, silver
a: Renounce Religion, Recite, Vitalisation, Imprison, Sanctuary, Donate Gold


You escaped.
You worshipped Zin.
Zin was exalted by your worship.
You visited 10 branches of the dungeon, and saw 50 of its levels.
You visited 1 bazaar.
You also visited: Trove, Bailey, Ice Cave and Desolation.

You collected 10385 gold pieces.
You spent 7753 gold pieces at shops.
You donated 462 gold pieces to Zin.

Inventory:

Hand Weapons
 a - the +7 scimitar of Tiyrot {elec, rC+}
   (You acquired it on level 11 of the Dungeon)

   Occasionally, upon striking a foe, it can discharge electrical energy and
   cause terrible harm.
   It protects you from cold.
 b - the +7 Spriggan's Knife (weapon) {stab, EV+4 Stlth+}
   (You took it off a deep elf demonologist on level 2 of the Elven Halls)

   It affects your evasion (+4).
   It makes you more stealthy.
 g - a +9 demon blade of draining
   (You took it off an imperial myrmidon in the Desolation of Salt)
 s - the +9 scimitar "Nusuph" {antimagic, rN++ Int+4}
   (You found it in a treasure trove)

   It reduces the magical energy of the wielder, and disrupts the spells and
   magical abilities of those hit.
   Natural abilities and divine invocations are not affected.
   It affects your intelligence (+4).
   It greatly protects you from negative energy.
 U - the +10 long sword "Dragonbane" {vorpal, Dex+2}
   (You bought it in a shop in a bazaar)

   It inflicts extra damage upon your enemies.
   It affects your dexterity (+2).
Armour
 n - a +1 cloak of preservation (worn)
   (You took it off a draconian monk on level 3 of the Realm of Zot)
 x - a +0 pair of gloves (worn)
   (You found it on level 4 of the Dungeon)
 G - the +1 pair of boots of Vynuentuach (worn) {Str+4 Int+2}
   (You bought it in a shop on level 4 of the Vaults)

   It affects your strength (+4).
   It affects your intelligence (+2).
 P - a +2 helmet of see invisible (worn)
   (You bought it in a shop in a bazaar)
 T - a +4 kite shield of reflection (worn) {Donald}
   (You took it off Donald on level 2 of the Vaults)
 W - +8 fire dragon scales (worn)
   (You found it on level 3 of the Depths)
 Y - the +2 robe of Vines {NoPotionHeal Regen+7}
   (You found it on level 5 of the Vaults)

   It increases your rate of regeneration.
Jewellery
 o - the amulet of Beauty (around neck) {Spirit rElec rPois Will+}
   (You bought it in a shop on level 7 of the Dungeon)

   [amulet of guardian spirit]

   It causes incoming damage to be split between your health and magic.
   It insulates you from electricity.
   It protects you from poison.
   It affects your willpower, your defense against some magical effects.
 y - the ring "Qutria" (left hand) {rF+ rN+ EV+4}
   (You found it in the Desolation of Salt)

   [ring of evasion]

   It affects your evasion (+4).
   It protects you from fire.
   It protects you from negative energy.
 O - the ring of Miracles {rC- rN++ AC+4 Dex+3}
   (You found it on level 11 of the Dungeon)

   [ring of protection]

   It affects your AC (+4).
   It affects your dexterity (+3).
   It makes you vulnerable to cold.
   It greatly protects you from negative energy.
 S - the ring of Regeid (right hand) {Wiz Will+ MP+9}
   (You found it on level 11 of the Dungeon)

   [ring of wizardry]

   It improves your spell success rate.
   It affects your willpower, your defense against some magical effects.
   It affects your magic capacity (+9).
 X - the ring of Iqenush {Dex+6 SInv}
   (You took it off an imperial myrmidon in the Desolation of Salt)

   [ring of dexterity]

   It affects your dexterity (+6).
   It lets you see invisible.
Wands
 t - a wand of iceblast (44)
   (You found it on level 2 of the Elven Halls)
 B - a wand of acid (24)
   (You found it on level 5 of the Lair of Beasts)
 C - a wand of digging (29)
   (You found it on level 5 of the Dungeon)
Scrolls
 c - 7 scrolls of teleportation
 i - 4 scrolls of silence
 j - 9 scrolls of amnesia
 m - 21 scrolls of remove curse
 p - 10 scrolls of identify
 r - 3 scrolls of enchant weapon
 D - a scroll of holy word
 E - 2 scrolls of enchant armour
 F - 3 scrolls of summoning
 H - 2 scrolls of brand weapon
 I - 5 scrolls of vulnerability
 K - 9 scrolls of blinking
 L - 8 scrolls of immolation
 R - 6 scrolls of fear
 V - 5 scrolls of magic mapping
Potions
 f - 3 potions of invisibility
 h - 3 potions of resistance
 k - 7 potions of flight
 l - 6 potions of berserk rage
 q - 9 potions of might
 u - 8 potions of mutation
 v - 7 potions of heal wounds
 w - 22 potions of curing
 z - 5 potions of cancellation
 A - 6 potions of ambrosia
 J - 4 potions of brilliance
 Q - 3 potions of magic
Books
 e - a manual of Long Blades
   (You found it on level 3 of the Elven Halls)
Miscellaneous
 M - a lightning rod (4/4)
   (You found it in a bailey)
 N - a phial of floods
   (You found it on level 6 of the Lair of Beasts)
 Z - a phantom mirror
   (You found it on level 13 of the Dungeon)


   Skills:
 + Level 14.8 Fighting
 - Level 2.1(11.1) Short Blades
 - Level 13.9(14.0) Long Blades
 - Level 17.0 Armour
 - Level 15.0 Dodging
 - Level 20.0 Stealth
 - Level 15.0 Shields
 - Level 12.0 Spellcasting
 - Level 18.3 Summonings
 - Level 14.0 Translocations
 - Level 7.0 Ice Magic
 - Level 12.0 Air Magic
 - Level 15.3 Invocations


You had 4 spell levels left.
You knew the following spells:

 Your Spells              Type           Power        Failure   Level
a - Shadow Creatures      Summ           N/A          1%          6
b - Summon Mana Viper     Hex/Summ       46%          7%          5
c - Ozocubu's Armour      Ice            38%          1%          3
d - Mephitic Cloud        Conj/Pois/Air  26%          6%          3
e - Passage of Golubria   Tloc           N/A          1%          4
f - Swiftness             Air            54%          1%          2
g - Blink                 Tloc           N/A          1%          2
h - Lesser Beckoning      Tloc           29%          1%          3
i - Summon Hydra          Summ           34%          4%          7
j - Silence               Hex/Air        17%          24%         5
k - Dispersal             Tloc           29%          5%          6

Your spell library contained the following spells:

 Spells                   Type           Power        Failure   Level
 Summon Small Mammal      Summ           100%         0%          1
 Call Imp                 Summ           69%          0%          2
 Apportation              Tloc           100%         1%          1
 Freeze                   Ice            100%         1%          1
 Shock                    Conj/Air       100%         1%          1
 Corpse Rot               Necr/Air       N/A          1%          2
 Poisonous Vapours        Pois/Air       68%          1%          2
 Call Canine Familiar     Summ           69%          1%          3
 Frozen Ramparts          Ice            76%          1%          3
 Gell's Gravitas          Tloc           29%          1%          3
 Portal Projectile        Hex/Tloc       76%          1%          3
 Summon Guardian Golem    Hex/Summ       46%          1%          3
 Teleport Other           Tloc           59%          1%          3
 Airstrike                Air            27%          1%          4
 Summon Ice Beast         Ice/Summ       56%          1%          4
 Summon Lightning Spire   Summ/Air       62%          1%          4
 Static Discharge         Conj/Air       34%          2%          3
 Iskenderun's Mystic Bla  Conj/Tloc      38%          6%          4
 Animate Skeleton         Necr           22%          11%         1
 Beastly Appendage        Tmut           22%          11%         1
 Corona                   Hex            12%          11%         1
 Foxfire                  Conj/Fire      44%          11%         1
 Magic Dart               Conj           44%          11%         1
 Pain                     Necr           44%          11%         1
 Sandblast                Erth           22%          11%         1
 Sting                    Tmut/Pois      44%          11%         1
 Passwall                 Tmut/Erth      9%           16%         2
 Searing Ray              Conj           22%          16%         2
 Slow                     Hex            11%          16%         2
 Sublimation of Blood     Necr           5%           16%         2
 Wereblood                Tmut           11%          16%         2
 Hailstorm                Conj/Ice       24%          24%         4
 Ice Form                 Ice/Tmut       24%          24%         4
 Confusing Touch          Hex            11%          30%         3
 Conjure Flame            Conj/Fire      11%          30%         3
 Dazzling Flash           Conj/Hex       22%          30%         3
 Ignite Poison            Fire/Tmut/Pois 11%          30%         3
 Inner Flame              Hex/Fire       11%          30%         3
 Spider Form              Tmut/Pois      5%           30%         3
 Stone Arrow              Conj/Erth      22%          30%         3
 Tukima's Dance           Hex            11%          30%         3
 Vampiric Draining        Necr           5%           30%         3
 Cause Fear               Hex            5%           67%         4
 Dispel Undead            Necr           11%          67%         4
 Leda's Liquefaction      Hex/Erth       5%           67%         4
 Olgreb's Toxic Radiance  Pois           11%          67%         4
 Petrify                  Tmut/Erth      11%          67%         4
 Sticky Flame             Conj/Fire      11%          67%         4
 Summon Demon             Summ           34%          1%          5
 Summon Forest            Summ/Tloc      32%          1%          5
 Lightning Bolt           Conj/Air       17%          24%         5
 Metabolic Englaciation   Hex/Ice        12%          52%         5
 Freezing Cloud           Conj/Ice/Air   17%          73%         6
 Conjure Ball Lightning   Conj/Air       17%          77%         6
 Spellforged Servitor     Conj/Summ      23%          88%         7
 Disjunction              Tloc           29%          89%         8
 Agony                    Necr           11%          94%         5
 Alistair's Intoxication  Tmut/Pois      7%           94%         5
 Blade Hands              Tmut           5%           94%         5
 Bolt of Magma            Conj/Fire/Erth 5%           94%         5
 Borgnjor's Vile Clutch   Necr/Erth      5%           94%         5
 Excruciating Wounds      Necr           5%           94%         5
 Fireball                 Conj/Fire      5%           94%         5
 Irradiate                Conj/Tmut      5%           94%         5
 Iskenderun's Battlesphe  Conj           11%          94%         5
 Lee's Rapid Deconstruct  Erth           5%           94%         5
 Yara's Violent Unravell  Hex/Tmut       5%           94%         5
 Simulacrum               Ice/Necr       12%          97%         6
 Dragon's Call            Summ           34%          99%         9
 Death Channel            Necr           5%           100%        6
 Hydra Form               Tmut           5%           100%        6
 Invisibility             Hex            11%          100%        6
 Iron Shot                Conj/Erth      5%           100%        6
 Statue Form              Tmut/Erth      7%           100%        6
 Dragon Form              Tmut           5%           100%        7
 Orb of Destruction       Conj           5%           100%        7
 Discord                  Hex            5%           100%        8
 Shatter                  Erth           5%           100%        9
 Tornado                  Air            27%          100%        9


Dungeon Overview and Level Annotations

Branches:
Dungeon (15/15)            Temple (0/1) D:6            Lair (6/6) D:10
  Swamp (4/4) Lair:2        Snake (4/4) Lair:2        Slime (0/5) Lair:5
    Orc (2/2) D:9             Elf (3/3) Orc:2        Vaults (5/5) D:13
  Crypt (1/3) Vaults:3     Depths (5/5) D:15            Zot (5/5) Depths:5
 Bailey (visited)           IceCv (visited)         Desolation (visited)

Altars:
Elyvilon
Fedhas
Gozag
Hepliaklqana
Makhleb
Qazlal
Ru
Sif Muna
Trog
Vehumet
Xom
Zin
Beogh

Shops:
D:5 ?*   D:6 *   D:7 =   D:10 [   D:11 ?   D:13 [   Orc:1 !   Orc:2 ?(:[
Elf:2 (   Vaults:1 :**   Vaults:4 !?[

Portals:
Hell: Depths:1 Depths:2 Depths:3 Depths:4 Depths:5
Abyss: Depths:1 Depths:4
Pandemonium: Depths:3
Ziggurat: Depths:2

Annotations:
D:10 2 transporters, Hehehe's ghost, journeyman DDFi
Vaults:2 3 runed translucent doors, Poiph's ghost, adept MiBe
Vaults:3 Mennas
Vaults:4 2 runed translucent doors, Bidatih's ghost, adept MiBe


Innate Abilities, Weirdness & Mutations

You are small and have problems with some larger weapons.
You are somewhat resistant to further mutation.


Message History

An orb of fire comes into view.
An orb of fire is nearby!
An orb of fire is nearby!
An orb of fire is nearby!
You see here a +0 halberd.
Casting: Summon Hydra (dangerous; 6% risk of failure)
Confirm with . or Enter, or press ? or * to list all spells.
You don't know that spell.
What are your orders? t - Shout!
Orders for allies: a - Attack new target. r - Retreat! s - Stop attacking. g - Guard the area. f - Follow me.
Anything else - Cancel.
You shout for attention!
Casting: Summon Hydra (dangerous; 6% risk of failure)
Confirm with . or Enter, or press ? or * to list all spells.
A four-headed hydra appears.
Casting: Summon Hydra (dangerous; 6% risk of failure)
Confirm with . or Enter, or press ? or * to list all spells.
A six-headed hydra appears.
Your four-headed hydra disappears in a puff of smoke!
The orb of fire glows deep purple.
The fireball explodes!
The fireball engulfs you. You resist.
The orb of fire glows yellow.
The fireball explodes!
The fireball engulfs you! You resist.
The orb of fire glows deep purple.
The bolt of fire misses you.
You swap places.
Your six-headed hydra disappears in a puff of smoke!
You see here a +0 halberd.
Casting: Summon Hydra (dangerous; 6% risk of failure)
Confirm with . or Enter, or press ? or * to list all spells.
A mana viper appears with a sibilant hiss.
Casting: Summon Mana Viper (mildly dangerous; 9% risk of failure)
Confirm with . or Enter, or press ? or * to list all spells.
Wisps of shadow whirl around you...
Your mana viper misses the orb of fire.
The orb of fire glows deep purple.
The fireball explodes!
The fireball engulfs you! You resist.
The fireball engulfs your mana viper!!!!
Your mana viper dies!
The fireball engulfs the orb of fire.
The orb of fire completely resists.
The orb of fire glows deep purple.
The bolt of fire misses you.
You see here a +0 halberd.
You hit the orb of fire.
The orb of fire is lightly damaged.
The orb of fire glows bright magenta.
Strange energies course through your body.
You feel odd for a moment.
Casting: Shadow Creatures (mildly dangerous; 1% risk of failure)
Confirm with . or Enter, or press ? or * to list all spells.
A mana viper appears with a sibilant hiss.
You hit the orb of fire.
The orb of fire is lightly damaged.
Your moth of wrath misses the orb of fire.
The orb of fire glows red.
The bolt of fire misses you.
You swap places.
The orb of fire glows yellow.
The bolt of fire misses you.
The bolt of fire hits your mana viper!!!!
Your mana viper dies!
Your moth of wrath bites the orb of fire but does no damage.
You hit the orb of fire but do no damage.
The orb of fire is lightly damaged.
Your moth of wrath closely misses the orb of fire.
Casting: Summon Mana Viper (mildly dangerous; 9% risk of failure)
Confirm with . or Enter, or press ? or * to list all spells.
A mana viper appears with a sibilant hiss.
Your moth of wrath goads your mana viper on!
Your mana viper goes berserk!
The orb of fire glows deep purple.
The fireball explodes!
The fireball engulfs you. You resist.
The fireball engulfs the orb of fire.
The orb of fire completely resists.
The fireball engulfs your moth of wrath!!!!
Your moth of wrath dies!
Your moth of wrath's corpse dissolves into shadows!
You barely miss the orb of fire.
Your mana viper closely misses the orb of fire.
You hit the orb of fire but do no damage.
Your mana viper barely misses the orb of fire.
The orb of fire glows red.
The fireball explodes!
The fireball engulfs you! You resist.
The fireball engulfs the orb of fire.
The orb of fire completely resists.
You closely miss the orb of fire.
Your mana viper barely misses the orb of fire.
You hit the orb of fire but do no damage.
Your mana viper bites the orb of fire but does no damage.
The orb of fire glows deep purple.
The bolt of fire misses you.
You hit the orb of fire but do no damage.
Your mana viper completely misses the orb of fire.
The orb of fire glows deep purple.
The bolt of fire misses you.
Your mana viper closely misses the orb of fire.
You closely miss the orb of fire.
Your mana viper bites the orb of fire.
The orb of fire's magic leaks into the air.
You hit the orb of fire but do no damage.
The orb of fire is lightly damaged.
Your mana viper completely misses the orb of fire.
Okay, then.
Unknown command.
Casting: Summon Mana Viper (mildly dangerous; 9% risk of failure)
Confirm with . or Enter, or press ? or * to list all spells.
Wisps of shadow whirl around you...
* * * LOW MAGIC WARNING * * *
Your mana viper closely misses the orb of fire.
Your mana viper barely misses the orb of fire.
You miss the orb of fire.
The orb of fire is lightly damaged.
The orb of fire glows red.
Strange energies course through your body.
Zin protects your body from mutation!
Your mana viper bites the orb of fire!!
The orb of fire's magic leaks into the air.
You puncture the orb of fire!
The orb of fire is lightly damaged.
Your mana viper barely misses the orb of fire.
The orb of fire glows deep purple.
The bolt of fire hits you. You resist.
Casting: Shadow Creatures (mildly dangerous; 1% risk of failure)
Confirm with . or Enter, or press ? or * to list all spells.
A four-headed hydra appears.
* * * LOW MAGIC WARNING * * *
Your mana viper completely misses the orb of fire. x2
Your ghost moth stares at the orb of fire.
The orb of fire's magic leaks into the air.
You hit the orb of fire but do no damage.
The orb of fire is lightly damaged.
Your mana viper completely misses the orb of fire.
Your ghost moth stares at the orb of fire.
The orb of fire's magic leaks into the air.
Your ghost moth completely misses the orb of fire.
Your ghost moth hits the orb of fire but does no damage.
Your ghost moth stings the orb of fire!
You closely miss the orb of fire.
The orb of fire is moderately damaged.
Your mana viper completely misses the orb of fire.
The orb of fire glows deep purple.
The bolt of fire hits you! You resist.
Your mana viper misses the orb of fire.
Your ghost moth stares at the orb of fire.
The orb of fire's magic leaks into the air.
Your ghost moth closely misses the orb of fire.
Your ghost moth hits the orb of fire.
Your ghost moth misses the orb of fire.
Your shield and fire dragon scales prevent you from hitting the orb of fire.
The orb of fire is moderately damaged.
Your mana viper bites the orb of fire!!
The orb of fire's magic leaks into the air.
You hit the orb of fire.
The orb of fire is moderately damaged.
Your mana viper closely misses the orb of fire.
Your ghost moth hits the orb of fire but does no damage. x2
Your ghost moth completely misses the orb of fire.
You completely miss the orb of fire.
The orb of fire is moderately damaged.
Your mana viper bites the orb of fire!!
The orb of fire's magic leaks into the air.
Your ghost moth hits the orb of fire but does no damage.
Your ghost moth completely misses the orb of fire.
Your ghost moth closely misses the orb of fire.
The helpless orb of fire fails to defend itself.
You stick the orb of fire like a pincushion!!!!!
You destroy the orb of fire!
Zin accepts your kill.
You feel your dexterity returning.
Your four-headed hydra disappears in a puff of smoke!
Your mana viper rages.
You start resting.
Your mana viper is no longer berserk.
Your mana viper disappears in a puff of smoke!
Your ghost moth dissolves into shadows!
An orb of fire is nearby!
An orb of fire is nearby!
The orb of fire emits a lurid red light.
The bolt of fire misses you.
The orb of fire glows red.
The fireball explodes!
The fireball engulfs you. You resist.
Casting: Summon Hydra (dangerous; 6% risk of failure)
Confirm with . or Enter, or press ? or * to list all spells.
A mana viper appears with a sibilant hiss.
Casting: Summon Mana Viper (mildly dangerous; 9% risk of failure)
Confirm with . or Enter, or press ? or * to list all spells.
Wisps of shadow whirl around you...
* * * LOW MAGIC WARNING * * *
The orb of fire emits a lurid red light.
The bolt of fire hits you! You resist.
The bolt of fire hits your mana viper!!!
Casting: Shadow Creatures (mildly dangerous; 1% risk of failure)
Confirm with . or Enter, or press ? or * to list all spells.
You don't know that spell.
The orb of fire emits a lurid red light.
The bolt of fire misses you.
Your fire dragon scales prevents you from hitting the orb of fire.
You hit the orb of fire.
The orb of fire is lightly damaged.
Your moth of wrath bites the orb of fire!!
You hit the orb of fire but do no damage.
The orb of fire is lightly damaged.
The orb of fire glows red.
Strange energies course through your body.
You feel odd for a moment.
Your moth of wrath goads your mana viper on!
Your mana viper goes berserk!
You hit the orb of fire but do no damage.
The orb of fire is lightly damaged.
Your mana viper bites the orb of fire!!
The orb of fire's magic leaks into the air.
You hit the orb of fire.
The orb of fire is moderately damaged.
Your mana viper closely misses the orb of fire.
Your moth of wrath barely misses the orb of fire.
The orb of fire falters for a moment.
You hit the orb of fire but do no damage.
The orb of fire is moderately damaged.
Your mana viper bites the orb of fire but does no damage.
The orb of fire glows deep purple.
The bolt of fire misses you.
Your moth of wrath bites the orb of fire!
Your mana viper bites the orb of fire but does no damage.
You miss the orb of fire.
The orb of fire is heavily damaged.
Your mana viper closely misses the orb of fire.
You closely miss the orb of fire.
The orb of fire is heavily damaged.
Your moth of wrath bites the orb of fire!
Your mana viper barely misses the orb of fire.
You hit the orb of fire but do no damage.
The orb of fire is heavily damaged.
The orb of fire glows yellow.
The bolt of fire hits you! You resist.
* * * LOW MAGIC WARNING * * *
Your mana viper closely misses the orb of fire.
Your moth of wrath misses the orb of fire.
You hit the orb of fire.
The orb of fire is heavily damaged.
Your mana viper closely misses the orb of fire.
You closely miss the orb of fire.
The orb of fire is heavily damaged.
Your mana viper completely misses the orb of fire.
Your moth of wrath misses the orb of fire.
You hit the orb of fire.
The orb of fire is heavily damaged.
Your mana viper bites the orb of fire.
The orb of fire's magic leaks into the air.
The orb of fire glows red.
The bolt of fire misses your mana viper.
Your moth of wrath closely misses the orb of fire.
The helpless orb of fire fails to defend itself.
You skewer the orb of fire like a kebab!!!!!
You destroy the orb of fire!
Zin accepts your kill.
You feel your intelligence returning.
Your phantom mirror has recharged.
Your mana viper rages.
You swap places.
You start resting.
Your mana viper is no longer berserk.
Your mana viper disappears in a puff of smoke!
Your moth of wrath dissolves into shadows!
You start resting.
Magic restored.
You start resting.
HP restored.
A tentacled monstrosity comes into view.
A tentacled monstrosity is nearby!
A tentacled monstrosity is nearby!
A tentacled monstrosity is nearby!
The helpless tentacled monstrosity fails to defend itself.
You skewer the tentacled monstrosity like a kebab!!!!!
You kill the tentacled monstrosity!
An Orb Guardian is nearby!
An Orb Guardian is nearby!
An Orb Guardian comes into view.
You hear a loud "Zot"!
Found the Orb of Zot.
The helpless Orb Guardian fails to defend itself.
You stick the Orb Guardian like a pincushion!!!!!
You kill the Orb Guardian!
You feel your intelligence returning.
An Orb Guardian comes into view.
What are your orders? t - Shout!
Orders for allies: a - Attack new target. r - Retreat! s - Stop attacking. g - Guard the area. f - Follow me.
Anything else - Cancel.
You shout for attention!
The Orb Guardian drops a net on you.
You avoid being caught in a net.
Casting: Shadow Creatures (mildly dangerous; 1% risk of failure)
Confirm with . or Enter, or press ? or * to list all spells.
A six-headed hydra appears.
Casting: Summon Hydra (dangerous; 5% risk of failure)
Confirm with . or Enter, or press ? or * to list all spells.
A four-headed hydra appears.
Casting: Summon Hydra (dangerous; 5% risk of failure)
Confirm with . or Enter, or press ? or * to list all spells.
Wisps of shadow whirl around you...
Your yellow draconian scorcher dissolves into shadows!
The Orb Guardian completely misses you.
The Orb Guardian hits you but does no damage.
Your six-headed hydra bites the Orb Guardian.
Your six-headed hydra bites the Orb Guardian but does no damage.
Your six-headed hydra barely misses the Orb Guardian.
Your six-headed hydra bites the Orb Guardian.
Your six-headed hydra bites the Orb Guardian but does no damage.
Your six-headed hydra bites the Orb Guardian.
You miss the Orb Guardian.
The Orb Guardian is lightly wounded.
You block the Orb Guardian's attack.
You hit the Orb Guardian.
The Orb Guardian is lightly wounded.
You block the Orb Guardian's attack.
Your four-headed hydra misses the Orb Guardian.
Your four-headed hydra bites the Orb Guardian but does no damage.
Your four-headed hydra barely misses the Orb Guardian.
Your four-headed hydra bites the Orb Guardian.
The Orb Guardian barely misses you.
Your six-headed hydra bites the Orb Guardian!
Your six-headed hydra closely misses the Orb Guardian.
Your six-headed hydra bites the Orb Guardian.
Your six-headed hydra bites the Orb Guardian but does no damage.
Your six-headed hydra barely misses the Orb Guardian.
Your six-headed hydra bites the Orb Guardian.
Your black draconian hits the Orb Guardian from afar with a +0 trident!
You hit the Orb Guardian but do no damage.
The Orb Guardian is severely wounded.
You block the Orb Guardian's attack.
The Orb Guardian hits you but does no damage.
You puncture the Orb Guardian!
The Orb Guardian is severely wounded.
You block the Orb Guardian's attack.
Your four-headed hydra bites the Orb Guardian but does no damage.
Your four-headed hydra bites the Orb Guardian!
Your four-headed hydra misses the Orb Guardian.
Your four-headed hydra bites the Orb Guardian!
Your six-headed hydra bites the Orb Guardian but does no damage.
Your six-headed hydra barely misses the Orb Guardian.
Your six-headed hydra bites the Orb Guardian but does no damage.
Your six-headed hydra bites the Orb Guardian.
Your six-headed hydra closely misses the Orb Guardian.
Your six-headed hydra bites the Orb Guardian.
You closely miss the Orb Guardian.
The Orb Guardian is almost dead.
The Orb Guardian completely misses you. You block the Orb Guardian's attack.
Your black draconian hits the Orb Guardian from afar with a +0 trident.
Your red draconian closely misses the Orb Guardian.
You block the Orb Guardian's attack.
The helpless Orb Guardian fails to defend itself.
You perforate the Orb Guardian like a sieve!!!!!
You kill the Orb Guardian!
You block the Orb Guardian's attack.
Your six-headed hydra bites the Orb Guardian but does no damage.
Your six-headed hydra bites the Orb Guardian.
Your six-headed hydra bites the Orb Guardian!
Your six-headed hydra bites the Orb Guardian.
Your six-headed hydra bites the Orb Guardian!
Your six-headed hydra bites the Orb Guardian.
You hit the Orb Guardian but do no damage.
The Orb Guardian is moderately wounded.
The Orb Guardian hits you.
Your black draconian hits the Orb Guardian but does no damage.
Your red draconian hits the Orb Guardian from afar with a cursed -2 halberd!
You block the Orb Guardian's attack.
You hit the Orb Guardian but do no damage.
The Orb Guardian is heavily wounded.
You block the Orb Guardian's attack.
Your four-headed hydra bites the Orb Guardian.
Your four-headed hydra misses the Orb Guardian.
Your four-headed hydra bites the Orb Guardian but does no damage.
Your four-headed hydra bites the Orb Guardian!
Your six-headed hydra bites the Orb Guardian but does no damage.
Your six-headed hydra bites the Orb Guardian!
Your six-headed hydra bites the Orb Guardian.
Your six-headed hydra misses the Orb Guardian.
Your six-headed hydra bites the Orb Guardian but does no damage.
Your six-headed hydra bites the Orb Guardian.
The helpless Orb Guardian fails to defend itself.
You skewer the Orb Guardian like a kebab!!!!!
You kill the Orb Guardian!
You block the Orb Guardian's attack.
You hit the Orb Guardian.
The Orb Guardian is moderately wounded.
Your four-headed hydra bites the Orb Guardian.
Your four-headed hydra completely misses the Orb Guardian.
Your four-headed hydra bites the Orb Guardian but does no damage. x2
You hit the Orb Guardian.
The Orb Guardian is heavily wounded.
You block the Orb Guardian's attack.
You hit the Orb Guardian but do no damage.
The Orb Guardian is heavily wounded.
Your four-headed hydra disappears in a puff of smoke!
The Orb Guardian hits you!!
You hit the Orb Guardian.
The Orb Guardian is heavily wounded.
Your red draconian closely misses the Orb Guardian.
You block the Orb Guardian's attack.
You hit the Orb Guardian but do no damage.
The Orb Guardian is heavily wounded.
Your green draconian knight dissolves into shadows!
Your black draconian misses the Orb Guardian.
Your six-headed hydra bites the Orb Guardian!
Your six-headed hydra bites the Orb Guardian.
Your six-headed hydra bites the Orb Guardian but does no damage.
Your six-headed hydra bites the Orb Guardian.
Your six-headed hydra completely misses the Orb Guardian.
Your six-headed hydra bites the Orb Guardian.
The helpless Orb Guardian fails to defend itself.
You stick the Orb Guardian like a pincushion!!!!!
You kill the Orb Guardian!
You feel your strength returning.
You swap places.
Your six-headed hydra disappears in a puff of smoke!
Your black draconian dissolves into shadows!
Your purple draconian annihilator dissolves into shadows!
Your red draconian dissolves into shadows!
An Orb Guardian comes into view.
You swap places.
Your black draconian shifter dissolves into shadows!
The Orb Guardian drops a net on you.
You become entangled in the net!
You see here a throwing net.
You tear a large gash into the net.
Casting: Shadow Creatures (mildly dangerous; 1% risk of failure)
Confirm with . or Enter, or press ? or * to list all spells.
Wisps of shadow whirl around you...
Casting: Shadow Creatures (mildly dangerous; 1% risk of failure)
Confirm with . or Enter, or press ? or * to list all spells.
A four-headed hydra appears.
The Orb Guardian hits you but does no damage.
The Orb Guardian barely misses you.
Your yellow draconian monk throws acid at the Orb Guardian.
The glob of acid hits the Orb Guardian.
The Orb Guardian is splashed with acid.
The acid corrodes the Orb Guardian!
The acid splashes onto your yellow draconian!
Your yellow draconian is splashed with acid.
The acid splashes onto your green draconian!
Your green draconian is splashed with acid.
The acid corrodes your green draconian! The acid splashes onto you!
You are splashed with acid.
You resist.
The acid splashes onto the Orb Guardian!
The Orb Guardian is splashed with acid.
You struggle against the net.
The Orb Guardian hits you but does no damage. x2
Your red draconian breathes fire at the Orb Guardian.
The searing blast hits the Orb Guardian!! x2
Your yellow draconian monk hits the Orb Guardian!!
Your yellow draconian monk kicks the Orb Guardian but does no damage.
Your yellow draconian monk tail-slaps the Orb Guardian.
Your green draconian hits the Orb Guardian with a +0 mace!
Your green draconian tail-slaps the Orb Guardian but does no damage.
You shred the net and break free!
The Orb Guardian hits your yellow draconian monk!!
Your yellow draconian throws acid at the Orb Guardian.
The glob of acid hits the Orb Guardian!
The Orb Guardian is splashed with acid.
The Orb Guardian seems to be corroded for longer.
The acid splashes onto your yellow draconian monk!
Your yellow draconian monk is splashed with acid.
The acid corrodes your yellow draconian monk!
The acid splashes onto your green draconian!
Your green draconian is splashed with acid.
Your green draconian seems to be corroded for longer.
The acid splashes onto you!
You are splashed with acid.
You resist.
The acid splashes onto the Orb Guardian!
The Orb Guardian is splashed with acid!
The acid corrodes the Orb Guardian!
You block the Orb Guardian's attack.
The Orb Guardian hits your yellow draconian!!!
Your red draconian annihilator casts a spell at the Orb Guardian.
The crystal spear hits the Orb Guardian!!!
Your yellow draconian monk hits the Orb Guardian!!
The Orb Guardian dies!
The helpless Orb Guardian fails to defend itself.
You skewer the Orb Guardian like a kebab!!!!!
You kill the Orb Guardian!
You swap places.
Your red draconian annihilator dissolves into shadows!
Your red draconian dissolves into shadows!
Your yellow draconian monk dissolves into shadows!
Your yellow draconian dissolves into shadows!
Your green draconian dissolves into shadows!
You start resting.
Your four-headed hydra disappears in a puff of smoke!
HP restored.
You start resting.
Magic restored.
You see here the Orb of Zot.
You feel yourself speed up.
You pick up the Orb of Zot!
The Orb lets out a hideous shriek!
The lords of Pandemonium are not amused.
Beware!
Now all you have to do is get back out of the dungeon!
A sun demon comes into view.
Your extra speed is starting to run out.
You see here a +0 halberd.
You feel yourself slow down.
A blizzard demon comes into view.
A blizzard demon is nearby!
You see here a +10 club of chaos.
The blizzard demon gestures at you. The bolt of cold misses you.
The blizzard demon waves its arms in wide circles.
The air twists around and strikes you.
The ancient lich shouts!
The ancient lich casts a spell at itself.
The ancient lich flickers and vanishes for a moment.
The blizzard demon gestures at you. The freezing blast misses you.
You are engulfed in freezing vapours.
The ancient lich casts a spell.
There is a fountain of blood here.
The ancient lich casts a spell at you.
Your +4 kite shield of reflection {Donald} reflects the iron shot!
The iron shot hits the ancient lich!!!
Casting: Summon Hydra (dangerous; 4% risk of failure)
Confirm with . or Enter, or press ? or * to list all spells.
You feel quick. The blizzard demon gestures at you.
The bolt of lightning misses you.
The blizzard demon waves its arms in wide circles.
The air twists around and strikes you.
There is a stone staircase leading up here.
The ancient lich mumbles some strange words.
You climb upwards.
There is a stone staircase leading down here.
HP restored.
A smoke demon comes into view.
A Brimstone Fiend comes into view.
You start to feel a little slower.
A neqoxec comes into view.
The orb of fire glows red.
The bolt of fire hits you! You resist.
There is an escape hatch in the ceiling here.
The orb of fire emits a lurid red light.
The bolt of fire misses you. A mysterious force pulls you upwards.
The hatch slams shut behind you.
You feel sluggish.
You see here a +0 flail.
Magic restored.
HP restored.
You start to feel a little faster.
A glowing orange brain comes into view.
You can't go up here!
You hit the glowing orange brain but do no damage.
You hit the glowing orange brain.
The glowing orange brain is lightly wounded.
You barely miss the glowing orange brain.
The glowing orange brain is lightly wounded.
You no longer feel sluggish.
You hear the crackle of electricity.
a - the +7 scimitar of Tiyrot (weapon)
{elec, rC+} You slash the glowing orange brain!
The glowing orange brain is heavily wounded.
You slash the glowing orange brain!
The glowing orange brain is heavily wounded.
You slash the glowing orange brain!
Lightning courses through the glowing orange brain!
You kill the glowing orange brain!
No target in view!
The +7 scimitar of Tiyrot {elec, rC+} stops crackling.
b - the +7 Spriggan's Knife (weapon)
{stab, EV+4 Stlth+}
(D) Dungeon (T) Temple (L) Lair (S) Swamp (P) Snake Pit (M) Slime Pits (O) Orcish Mines (E) Elven Halls (V) Vaults (C) Crypt (U) Depths (H) Hell (Z) Zot
Where to? (Enter - Zot:3 @ (x,y), ? - help)
There is a stone staircase leading up here.
You climb upwards.
A red devil, a balrug and a sun demon come into view.
The balrug is wielding a +1 demon whip of draining.
The red devil is wielding a +0 demon trident of electrocution.
There is a stone staircase leading down here.
(D) Dungeon (T) Temple (L) Lair (S) Swamp (P) Snake Pit (M) Slime Pits (O) Orcish Mines (E) Elven Halls (V) Vaults (C) Crypt (U) Depths (H) Hell (Z) Zot
Where to? (Enter - Zot:3 @ (x,y), ? - help)
There are monsters nearby!
Unknown command.
Okay, then.
Unknown command.
Unknown command.
Unknown command.
Unknown command.
Unknown command.
Unknown command.
You feel yourself speed up.
The sun demon shouts!
You block the red devil's attack.
A sun demon comes into view.
You hit the sun demon.
The sun demon is lightly wounded.
You puncture the sun demon!
The sun demon is lightly wounded.
You block the sun demon's attack.
Casting: Swiftness (safe; 1% risk of failure)
Confirm with . or Enter, or press ? or * to list all spells.
You blink.
Your extra speed is starting to run out.
An Orb Guardian comes into view.
Aiming: Dig
Press: ? - help, Shift-Dir - straight line A rock wall.
This square is covered in magical glow.
The rock shatters into small pieces.
You feel yourself slow down.
There is a stone staircase leading up here.
You climb upwards.
There is a stone staircase leading down here.
A golden dragon comes into view.
You can't go up here!
A blizzard demon comes into view.
The golden dragon breathes poison at you.
The blast of poison misses you.
An eye of draining comes into view.
The blizzard demon gestures at you. The freezing blast engulfs you!!!
You feel a terrible chill!
There is an open door here.
You are engulfed in freezing vapours.
A profane servitor comes into view.
It is wielding a +3 demon whip of electrocution.
You are engulfed in freezing vapours.
The blizzard demon is engulfed in a cloud of scalding steam.
The golden dragon is engulfed in freezing vapours.
The golden dragon is engulfed in freezing vapours.
The golden dragon breathes fire at you. The bolt of fire hits you! You resist.
The golden dragon breathes poison at you.
There is an open door here.
There is an open door here.
The profane servitor hits you with a +3 demon whip of electrocution!
The profane servitor draws strength from your injuries!
The profane servitor hits you but does no damage.
You block the profane servitor's attack.
The profane servitor closely misses you.
There is an open door here.
Casting: Blink (safe; 1% risk of failure)
Confirm with . or Enter, or press ? or * to list all spells.
An eight-headed hydra appears.
You block the profane servitor's attack.
The profane servitor completely misses you. x2
The profane servitor misses you.
Casting: Summon Hydra (dangerous; 4% risk of failure)
Confirm with . or Enter, or press ? or * to list all spells.
A four-headed hydra appears.
The profane servitor hits you but does no damage. x2
You closely miss the profane servitor.
You block the profane servitor's attack.
The profane servitor hits you but does no damage.
You hit the profane servitor but do no damage.
The profane servitor misses you.
You block the profane servitor's attack.
Your eight-headed hydra bites the profane servitor.
Your eight-headed hydra bites the profane servitor!
Your eight-headed hydra bites the profane servitor.
Your eight-headed hydra completely misses the profane servitor.
Your eight-headed hydra bites the profane servitor.
Your eight-headed hydra bites the profane servitor but does no damage. x2
Your eight-headed hydra bites the profane servitor!
You hit the profane servitor.
The profane servitor is moderately damaged.
The profane servitor hits you with a +3 demon whip of electrocution!
The profane servitor draws strength from your injuries!
You block the profane servitor's attack.
You hit the profane servitor but do no damage.
The profane servitor is moderately damaged.
Your eight-headed hydra bites the profane servitor.
Your eight-headed hydra completely misses the profane servitor.
Your eight-headed hydra bites the profane servitor but does no damage.
Your eight-headed hydra barely misses the profane servitor.
Your eight-headed hydra bites the profane servitor.
Your eight-headed hydra barely misses the profane servitor.
Your eight-headed hydra bites the profane servitor!
Your eight-headed hydra closely misses the profane servitor.
You block the profane servitor's attack.
The profane servitor hits you but does no damage.
You hit the profane servitor.
The profane servitor is moderately damaged.
You completely miss the profane servitor.
The profane servitor is moderately damaged.
You block the profane servitor's attack.
The profane servitor hits you but does no damage.
Your eight-headed hydra bites the profane servitor!
Your eight-headed hydra misses the profane servitor.
Your eight-headed hydra bites the profane servitor but does no damage.
Your eight-headed hydra bites the profane servitor. x2
Your eight-headed hydra bites the profane servitor!
Your eight-headed hydra misses the profane servitor.
Your eight-headed hydra completely misses the profane servitor.
Your four-headed hydra bites the profane servitor.
Your four-headed hydra bites the profane servitor! x3
The helpless profane servitor fails to defend itself.
You spit the profane servitor like a pig!!!!!
You destroy the profane servitor!
Zin accepts your kill.
Your eight-headed hydra disappears in a puff of smoke!
Your four-headed hydra disappears in a puff of smoke!
There is a gate leading back out of this place, spattered with blood here.
You go up through the gate.
Welcome back to the Depths!
There is a gate to the Realm of Zot here.
There is an open door here.
You see here a +0 trident.
A Hell Sentinel comes into view.
You can't go up here!
The Hell Sentinel moves out of view.
You see here a +0 trident.
There is an open door here.
You close the door.
As you read the scroll of teleportation, it crumbles to dust.
You feel strangely unstable.
You feel the Orb delaying your translocation!
There is an open door, spattered with blood here.
You see here a +1 great sword of flaming.
Your surroundings suddenly seem different.
There is an open door here.
Magic restored.
You see here a +0 buckler.
Things that are here:
a +0 great mace; a +0 dire flail
There is a stone staircase leading up, spattered with blood here.
Things that are here:
a +0 animal skin; a +0 quarterstaff; a +0 robe You climb upwards.
There is a stone staircase leading down here.
There is an open door here.
There is an open door here.
A spriggan berserker comes into view. It is wielding a +0 flail.
You see here a +0 battleaxe of freezing.
You can't go up here!
An eye of draining comes into view.
There is a stone staircase leading up here.
You climb upwards.
There is a stone staircase leading down here.
An eye of draining and a tengu warrior come into view.
You can't go up here!
The tengu warrior shouts!
You block the tengu warrior's attack. x2; The tengu warrior misses you.
The eye of draining gazes at you.
You feel your power leaking away. The eye of draining gazes at you.
You feel your power leaking away.
There is a stone staircase leading up here.
Casting: Summon Hydra (dangerous; 4% risk of failure)
Confirm with . or Enter, or press ? or * to list all spells.
The tengu warrior disappears!
A lorocyproca, a soul eater, a monstrous demonspawn and a black sun come into view.
Unknown command.
Okay, then.
Unknown command.
The lorocyproca gives a chilling moan.
You climb upwards.
There is a stone staircase leading down here.
There is a large open door here.
There is a large open door here.
There is a large open door here.
There is a huge open gate, spattered with blood here.
HP restored.
There is a large open door here.
There is a stone staircase leading up here.
You climb upwards.
There is a stone staircase leading down here.
There is a staircase back to the Dungeon here.
You climb upwards.
Welcome back to the Dungeon!
There is a staircase to the Depths here.
You see here a +0 dire flail.
You see here a +0 robe.
There is a stone staircase leading up, spattered with blood here.
You climb upwards.
There is a stone staircase leading down here.
A rust devil comes into view.
You can't go up here!
There is a stone staircase leading up, spattered with blood here.
You climb upwards.
There is a stone staircase leading down here.
There is a stone staircase leading up here.
You climb upwards.
There is a stone staircase leading down here.
There is a shaft here.
There is an escape hatch in the ceiling here.
A mysterious force pulls you upwards. The hatch slams shut behind you.
Things that are here:
a +0 chain mail; a +0 glaive A tormentor, a pandemonium lord and a small abomination come into view.
You can't go up here!
You clear your throat and prepare to recite. "Yea, I say unto thee, bring forth..."
The tormentor is limned with silver light.
The small abomination is turned into a pillar of salt by the wrath of Zin!
You destroy the small abomination!
Zin accepts your kill.
As you read the scroll of teleportation, it crumbles to dust.
You feel strangely unstable.
You feel the Orb delaying your translocation! "...the heretics that they may know..."
The tormentor barely misses you.
The tormentor hits you but does no damage.
A chaos spawn comes into view. "...the wrath of Zin, and thus be rebuked!"
You finish reciting Ablutions 10:80.
Okay, then.
Press: ? - help, v - describe, . - travel
Here: a tormentor (softly glowing)
The floor.
Okay, then.
You feel yourself speed up. Uppyts fires a harpoon shot at you.
The harpoon shot hits you.
You are yanked forward by the harpoon shot.
The tormentor calls on the powers of darkness!
Your body is wracked with pain!
Uppyts fires a harpoon shot at you. The harpoon shot hits you!!
You are yanked forward by the harpoon shot.
The tormentor calls on the powers of darkness!
Your body is wracked with pain!
* * * LOW HITPOINT WARNING * * *
You hear a choir sing!
Uppyts is blasted by Zin's holy word!
The tormentor is blasted by Zin's holy word!
The chaos spawn is blasted by Zin's holy word!
The monsters scatter in all directions!
* * * LOW MAGIC WARNING * * *
The chaos spawn is lost in a daze.
An Ice Fiend comes into view.
The Ice Fiend roars!
The Ice Fiend moves out of view.
Your surroundings suddenly seem different. 3 hellwings and a smoke demon come into view.
The hellwing moves out of view.
There is an escape hatch in the ceiling here.
You feel much better.
You feel much better.
You feel much better. A mysterious force pulls you upwards.
The hatch slams shut behind you.
Level annotation: 2 transporters, Hehehe's ghost, journeyman DDFi Your extra speed is starting to run out.
You are ready to recite again.
There is a stone staircase leading up here.
You climb upwards.
There is a stone staircase leading down here.
You feel yourself slow down.
There is a stone staircase leading up, spattered with blood here.
You climb upwards.
There is a stone staircase leading down here.
You see here a +0 robe.
Things that are here:
a +0 robe; a +0 trident
There is an escape hatch in the ceiling here.
A mysterious force pulls you upwards. The hatch slams shut behind you.
There is a stone staircase leading up here.
You climb upwards.
There is a stone staircase leading down here.
HP restored.
Magic restored.
There is a stone staircase leading up here.
You climb upwards.
There is a stone staircase leading down here.
You climb downwards.
There is a stone staircase leading up here.
You climb upwards.
There is a stone staircase leading down here.
There is an open door here.
There is a stone staircase leading up here.
You climb upwards.
There is a stone staircase leading down here.
There is an escape hatch in the ceiling here.
A mysterious force pulls you upwards. The hatch slams shut behind you.
A balrug and a sun demon come into view.
The balrug is wielding a +1 demon whip of venom.
You can't go up here!
The balrug moves out of view.
An Ice Fiend comes into view.
The Ice Fiend roars!
Casting: Dispersal (dangerous; 5% risk of failure)
Confirm with . or Enter, or press ? or * to list all spells.
A six-headed hydra appears.
The Ice Fiend claws you but does no damage.
You block the Ice Fiend's attack.
Casting: Summon Hydra (dangerous; 4% risk of failure)
Confirm with . or Enter, or press ? or * to list all spells.
An eight-headed hydra appears.
The Ice Fiend claws you but does no damage.
The Ice Fiend claws you! The Ice Fiend freezes you!!!
You feel a terrible chill!
You completely miss the Ice Fiend. The Ice Fiend barely misses you.
You block the Ice Fiend's attack.
You hit the Ice Fiend but do no damage.
Your six-headed hydra bites the Ice Fiend but does no damage. x3
Your six-headed hydra completely misses the Ice Fiend.
Your six-headed hydra bites the Ice Fiend!
Your six-headed hydra bites the Ice Fiend but does no damage.
You barely miss the Ice Fiend.
The Ice Fiend is lightly wounded.
The Ice Fiend claws you but does no damage. x2
You hit the Ice Fiend.
The Ice Fiend is lightly wounded.
Your eight-headed hydra bites the Ice Fiend!
Your eight-headed hydra bites the Ice Fiend but does no damage.
Your eight-headed hydra bites the Ice Fiend.
Your eight-headed hydra bites the Ice Fiend but does no damage.
Your eight-headed hydra bites the Ice Fiend.
Your eight-headed hydra bites the Ice Fiend but does no damage.
Your eight-headed hydra bites the Ice Fiend. x2
Your six-headed hydra bites the Ice Fiend!
Your six-headed hydra bites the Ice Fiend.
Your six-headed hydra bites the Ice Fiend but does no damage. x2
Your six-headed hydra bites the Ice Fiend.
Your six-headed hydra bites the Ice Fiend but does no damage.
The helpless Ice Fiend fails to defend itself.
You stick the Ice Fiend like a pincushion!!!!!
You kill the Ice Fiend!
You swap places.
Your six-headed hydra disappears in a puff of smoke!
There is an open door here.
Your eight-headed hydra disappears in a puff of smoke!
An Orb Guardian comes into view.
You can't go up here!
The Orb Guardian hits you!! You block the Orb Guardian's attack.
There is an open door, spattered with blood here.
There is an open door here.
You block the Orb Guardian's attack.
Casting: Summon Hydra (dangerous; 4% risk of failure)
Confirm with . or Enter, or press ? or * to list all spells.
An eight-headed hydra appears.
You block the Orb Guardian's attack. x2
Casting: Summon Hydra (dangerous; 4% risk of failure)
Confirm with . or Enter, or press ? or * to list all spells.
An eight-headed hydra appears.
The Orb Guardian hits you but does no damage.
You hit the Orb Guardian but do no damage.
You block the Orb Guardian's attack.
You hit the Orb Guardian.
The Orb Guardian is lightly wounded.
You block the Orb Guardian's attack.
You barely miss the Orb Guardian.
The Orb Guardian is lightly wounded.
You hit the Orb Guardian.
The Orb Guardian is lightly wounded.
You block the Orb Guardian's attack.
Your eight-headed hydra bites the Orb Guardian but does no damage.
Your eight-headed hydra barely misses the Orb Guardian.
Your eight-headed hydra bites the Orb Guardian but does no damage. x2
Your eight-headed hydra barely misses the Orb Guardian.
Your eight-headed hydra bites the Orb Guardian.
Your eight-headed hydra misses the Orb Guardian.
Your eight-headed hydra bites the Orb Guardian but does no damage.
Your eight-headed hydra bites the Orb Guardian. x2
Your eight-headed hydra bites the Orb Guardian but does no damage.
Your eight-headed hydra bites the Orb Guardian!
Your eight-headed hydra bites the Orb Guardian.
Your eight-headed hydra bites the Orb Guardian!
Your eight-headed hydra misses the Orb Guardian.
Your eight-headed hydra bites the Orb Guardian.
You hit the Orb Guardian but do no damage.
The Orb Guardian is heavily wounded.
The Orb Guardian hits you!!
You hit the Orb Guardian.
The Orb Guardian is severely wounded.
Your eight-headed hydra bites the Orb Guardian!
Your eight-headed hydra closely misses the Orb Guardian.
Your eight-headed hydra bites the Orb Guardian.
Your eight-headed hydra bites the Orb Guardian but does no damage.
Your eight-headed hydra bites the Orb Guardian! x2
The Orb Guardian dies!
Training target 20.0 for Stealth reached!
Your Stealth skill increases to level 20!
Your eight-headed hydra disappears in a puff of smoke!
There is a stone staircase leading up here.
You start resting.
Your eight-headed hydra disappears in a puff of smoke!
Yheock comes into view. It is armed with a chaotic touch.
Yheock is nearby!
You climb upwards.
There is a stone staircase leading down here.
There is a stone staircase leading up here.
You climb upwards.
There is a stone staircase leading down here.
An orange demon comes into view.
You feel yourself speed up.
The orange demon screeches!
You hear a grinding noise.
A cacodemon comes into view. 2 red devils, a balrug and a sun demon come into view.
The balrug is wielding a +0 demon whip of venom.
There are monsters nearby!
You hit the sun demon.
The sun demon is lightly wounded.
You hear a grinding noise.
You block the sun demon's attack. You block the sun demon's attack.
The balrug gestures at you.
The fireball explodes!
The fireball engulfs the sun demon.
The sun demon completely resists.
The fireball engulfs you but does no damage.
You hear a grinding noise.
Casting: Summon Hydra (dangerous; 4% risk of failure)
Confirm with . or Enter, or press ? or * to list all spells.
You feel quick. The balrug gestures at you.
The bolt of fire hits the sun demon.
The sun demon completely resists.
The bolt of fire misses you. The balrug gestures at you. Something smites you!
You hear a grinding noise.
There is a staircase leading out of the dungeon here.
You have escaped!

### #####....
####### ##.##
#.....
#.....###.#.###
#.##..
#.###.##..>...#
#.##.. ..#
#....######
#.##..
..###.####
#.##.. ......#
###########
#.##.. .##...#
#.........#
#..... .####.#
#.8..@..8.#
####.. .####.#
#.........#
#### #..
......#
####...####
#..# #..
.####.# #...#
##.#####..
.####.#
####...####
##.#......
.##...#
#.........#
#.........
.##.#.#
#.^..3....#
##.#......
.##.#.#
#.........#
#..#####..
......#
####...####
#### #.>


You could see a sun demon.

Vanquished Creatures
  7 orbs of fire
  2 ancient liches
  Boris (twice) (Vaults:2 Vaults:5)
  5 Killer Klowns (Zot:5)
  Saint Roka (Vaults:3)
  9 golden dragons
  A profane servitor (Zot:1)
  4 liches
  A hellephant (Depths:3)
  An electric golem (Zot:5)
  12 tentacled monstrosities
  20 Orb Guardians
  A titan (Vaults:5)
  An Ice Fiend (D:3)
  5 deep elf blademasters
  7 quicksilver dragons
  4 deep elf master archers
  5 death cobs
  A sphinx (shapeshifter) (Depths:3)
  16 storm dragons
  6 sphinxes (Vaults:5)
  An ancient champion (Depths:3)
  A thorn hunter (Swamp:4)
  9 shadow dragons
  8 tengu reavers
  Donald (Vaults:2)
  9 nagarajas
  A fenstrider witch (Swamp:1)
  12 draconian monks
  9 deep elf sorcerers
  4 fire giants
  6 imperial myrmidons (Desolation)
  15 frost giants
  8 vault wardens
  4 draconian knights
  Aizul (Elf:2)
  6 iron dragons
  5 deep elf elementalists
  6 ironheart preservers
  5 draconian scorchers
  3 orc warlords
  A ghoul (Vaults:4)
  2 spriggan defenders (Depths:3)
  5 draconian shifters
  5 draconian annihilators
  15 very ugly things
  5 draconian stormcallers
  A war gargoyle (D:11)
  15 green draconians
  16 stone giants
  4 deep elf demonologists
  9 red draconians
  2 halazid warlocks (Desolation)
  13 dire elephants
  4 bunyips
  15 black draconians
  9 deep elf annihilators
  8 purple draconians
  4 spark wasps
  18 yellow draconians
  13 white draconians
  14 ettins
  2 eleionomae
  An eidolon (Vaults:3)
  6 deep elf death magi
  9 fire dragons
  6 deep elf high priests
  Josephine (D:12)
  7 great orbs of eyes
  26 vault guards
  16 yaktaur captains
  5 rakshasas
  A hydra (shapeshifter) (Depths:4)
  21 naga warriors
  A hell beast (Depths:3)
  4 servants of whispers (Desolation)
  7 ice dragons
  2 shambling mangroves
  2 ghost crabs
  5 peacekeepers (Desolation)
  4 spriggan air magi
  Erolcha (D:11)
  2 ragged hierophants (Desolation)
  21 hydras
  8 boulder beetles
  2 catoblepae
  9 centaur warriors
  12 ogre magi
  8 alligators
  66 two-headed ogres
  6 death knights
  5 anacondas
  20 dancing weapons
  5 death yaks (Lair:6)
  7 deep troll shamans
  6 tengu warriors
  3 vampire magi
  4 deep troll earth magi
  25 deep elf knights
  10 shock serpents
  8 spriggan berserkers
  13 naga sharpshooters
  9 spriggans
  2 soul eaters
  A sun demon (Depths:3)
  Nergalle (D:10)
  6 skeletal warriors
  2 hell knights (Depths:5)
  4 salamander mystics
  6 flayed ghosts
  16 deep trolls
  12 swamp dragons
  4 unseen horrors
  A death drake (shapeshifter) (Depths:1)
  5 goliath frogs
  6 iron trolls
  21 deep elf archers
  4 glowing orange brains
  7 wizards
  6 naga ritualists
  An obsidian statue (Zot:5)
  13 ironbrand convokers
  Pikel (D:7)
  3 harpies (Vaults:1)
  4 mana vipers
  9 phantasmal warriors
  A spriggan druid (Swamp:4)
  A harpy (shapeshifter) (Depths:2)
  A frost giant zombie (D:15)
  4 necromancers
  4 wolf spiders
  15 orc knights
  2 lindwurms (Swamp:4)
  82 deep elf magi
  3 orc sorcerers
  33 ugly things
  4 cyclopes
  A manticore (D:14)
  A will-o-the-wisp (Swamp:1)
  14 moths of wrath
  20 salamanders
  A sphinx skeleton (D:15)
  13 elephants
  3 guardian serpents
  11 vault sentinels
  17 nameless horrors
  Maurice (D:9)
  24 naga magi
  A fire giant skeleton (D:15)
  A black mamba (shapeshifter) (Vaults:1)
  5 spectral swamp worms (Depths:1)
  A yellow draconian zombie (Crypt:1)
  2 cane toads (shapeshifter)
  41 black mambas
  3 gargoyles
  Maggie (D:5)
  A kobold demonologist (D:11)
  A torpor snail (Lair:4)
  2 rime drakes (Lair:4)
  13 cane toads
  14 komodo dragons
  31 yaktaurs
  6 freezing wraiths
  A yaktaur skeleton (D:15)
  14 trolls
  A jumping spider (shapeshifter) (D:13)
  A troll (shapeshifter) (Vaults:3)
  A bloated husk (Swamp:4)
  A merfolk (shapeshifter) (Depths:3)
  17 hornets
  4 polar bears
  19 blink frogs
  Prince Ribbit (D:5)
  7 tyrant leeches
  30 saltlings (Desolation)
  32 slime creatures
  An air elemental (Elf:3)
  A snapping turtle (shapeshifter) (Elf:3)
  Sigmund (D:2)
  A shadow (D:11)
  2 water elementals
  2 redbacks (Vaults:5)
  57 yaks
  A vampire (D:11)
  A spriggan (shapeshifter) (Vaults:2)
  7 wyverns
  12 wraiths
  5 basilisks
  A yak (shapeshifter) (Vaults:2)
  Grum (D:11)
  A fire elemental (Elf:1)
  A steam dragon (D:9)
  2 hogs (shapeshifter)
  14 vampire mosquitoes
  A harpy simulacrum (IceCv)
  6 wargs
  66 nagas
  10 swamp worms
  2 soldier ants (shapeshifter)
  A soldier ant (D:10)
  18 water moccasins
  5 black bears
  4 swamp drakes
  An eye of draining (D:11)
  2 floating eyes
  60 orc warriors
  A hornet zombie (D:14)
  2 sky beasts
  3 phantoms
  6 ice beasts
  19 boggarts
  18 centaurs
  30 wolves
  30 ogres
  A lemure (D:6)
  A big kobold (shapeshifter) (Vaults:3)
  3 wyvern zombies
  15 bullfrogs
  3 earth elementals
  A small abomination (D:11)
  5 scorpions
  A scorpion (shapeshifter) (Vaults:2)
  A killer bee (D:11)
  25 wights
  4 electric eels (Lair:2)
  4 howler monkeys
  4 centaur zombies
  4 bullfrog zombies
  A quasit (D:8)
  A draconian simulacrum (IceCv)
  2 jellies
  29 orc wizards
  4 hounds
  7 centaur skeletons
  21 orc priests
  2 bullfrog skeletons
  5 iguanas
  A killer bee zombie (D:6)
  10 worker ants
  A centaur simulacrum (IceCv)
  2 hound skeletons
  A hound zombie (D:11)
  A howler monkey zombie (D:10)
  4 worker ant zombies
  14 gnolls
  A howler monkey skeleton (D:8)
  22 adders
  2 shadow imps
  2 white imps
  4 ufetubi
  2 oozes
  2 adder zombies
  2 adder skeletons
  2 worms
  9 leopard geckos
  141 orcs
  6 giant cockroaches
  4 goblins
  4 hobgoblins
  3 jackals
  3 quokkas
  4 bats
  7 frilled lizards
  8 kobolds
  2 leopard gecko skeletons (D:4)
  6 rats
  3 pillars of salt
2235 creatures vanquished.

Vanquished Creatures (collateral kills)
  2 ancient liches (Zot:5)
  An orb of fire (Zot:5)
  A Killer Klown (Zot:4)
  A curse toe (Zot:5)
  2 tentacled monstrosities
  A lich (Depths:5)
  3 Orb Guardians
  A titan (Depths:1)
  2 sphinxes (Vaults:5)
  A death cob (Zot:2)
  A shadow dragon (Zot:5)
  2 tengu reavers (Vaults:5)
  A fire giant (Depths:5)
  A vault warden (Vaults:5)
  An iron dragon (Depths:2)
  4 frost giants (Vaults:5)
  A draconian shifter (Zot:2)
  A draconian stormcaller (Zot:5)
  A ghost moth (Zot:5)
  2 ironheart preservers
  A very ugly thing (Depths:2)
  A stone giant (Depths:2)
  A draconian annihilator (Zot:1)
  A deep elf demonologist (Vaults:5)
  An entropy weaver (Vaults:5)
  A green draconian (Zot:5)
  3 dire elephants (Depths:3)
  A purple draconian (Zot:4)
  3 yellow draconians
  A red draconian (Zot:2)
  2 white draconians (Zot:3)
  A ragged hierophant (Desolation)
  4 ettins
  2 yaktaur captains
  4 ogre magi
  A servant of whispers (Desolation)
  2 fire dragons (Depths:5)
  2 ice dragons
  4 great orbs of eyes (Depths:5)
  9 vault guards (Vaults:5)
  2 spriggan air magi
  8 two-headed ogres
  3 vampire magi
  2 deep troll earth magi (Depths:2)
  2 deep troll shamans (Depths:3)
  2 spriggans (Depths:3)
  A spriggan berserker (Depths:5)
  2 iron trolls
  3 hell knights (Depths:5)
  3 deep trolls
  A glowing orange brain (Depths:3)
  A phantasmal warrior (Vaults:5)
  3 harpies (Vaults:3)
  A deep elf mage (Vaults:5)
  6 ugly things
  A shining eye (shapeshifter) (Depths:2)
  4 moths of wrath
  A slime creature (Depths:4)
  2 elephants (Depths:3)
  A rust devil (Depths:3)
  A torpor snail (shapeshifter) (Vaults:5)
  2 freezing wraiths (Vaults:5)
  3 yaktaurs
  A yaktaur (shapeshifter) (Depths:3)
  2 tengu conjurers (Depths:5)
  3 saltlings (Desolation)
  2 hornets (Depths:3)
  A wraith (Vaults:5)
  A swamp worm (shapeshifter) (Vaults:5)
  2 nameless horrors
  2 orc warriors (Bailey)
  A boggart (Depths:2)
  3 ogres
  2 gnolls (Bailey)
  An orc (Vaults:5)
  3 goblins (Bailey)
  A hobgoblin (Bailey)
155 creatures vanquished.

Vanquished Creatures (others)
  A deep elf sorcerer (Vaults:3)
  2 alligators (Swamp:4)
  An ogre mage (Vaults:1)
  A death yak (Lair:6)
  A deep elf knight (Vaults:3)
  A lindwurm (Swamp:4)
  A deep elf mage (Elf:2)
  An elephant (Lair:4)
  2 bloated husks (Swamp:1)
  2 saltlings (Desolation)
  A water elemental (Elf:2)
  A vampire mosquito (Swamp:1)
  A swamp worm (Swamp:1)
  An orc warrior (Orc:2)
  2 swamp drakes (Swamp:4)
  2 orcs
  A quokka (D:5)
  14 foxfires (Swamp:1)
  183 fungi
  9 pillars of salt
  235 plants
  A snaplasher vine (Swamp:4)
  3 toadstools (D:11)
  6 withered plants (D:15)
473 creatures vanquished.

Grand Total: 2863 creatures vanquished

Notes
Turn   | Place    | Note
-------+----------+-------------------------------------------
     0 | D:1      | sleeves the Halfling Ice Elementalist began the quest for
                  | the Orb.
     0 | D:1      | Reached XP level 1. HP: 11/11 MP: 3/3
   185 | D:1      | Reached XP level 2. HP: 13/17 MP: 0/4
   913 | D:2      | Noticed Sigmund
  1051 | D:2      | Reached skill level 3 in Stealth
  1103 | D:2      | Reached XP level 3. HP: 16/21 MP: 1/5
  1400 | D:2      | Found a shimmering altar of Xom.
  1426 | D:2      | Found a shimmering blue altar of Sif Muna.
  1574 | D:2      | Learned a level 3 spell: Frozen Ramparts
  1967 | D:3      | Reached XP level 4. HP: 24/27 MP: 1/6
  2018 | D:3      | Reached skill level 1 in Short Blades
  2126 | D:3      | HP: 11/27 [gnoll/+0 spear (5)]
  2753 | D:3      | Reached skill level 4 in Stealth
  2753 | D:3      | Reached XP level 5. HP: 31/31 MP: 7/7
  2878 | D:3      | Reached skill level 5 in Ice Magic
  3064 | D:3      | Learned a level 3 spell: Ozocubu's Armour
  3077 | D:3      | Reached skill level 2 in Short Blades
  3497 | D:3      | Noticed a phantom
  3569 | D:4      | Noticed an ogre
  3717 | D:4      | Reached skill level 1 in Long Blades
  3717 | D:4      | Reached XP level 6. HP: 29/36 MP: 4/8
  3718 | D:4      | HP: 18/36 [worm (11)]
  3902 | D:4      | HP: 18/36 [poisoned by a scorpion]
  3908 | D:4      | HP: 16/36 [poisoned by a scorpion]
  3914 | D:4      | HP: 15/36 [poisoned by a scorpion]
  3922 | D:4      | HP: 14/36 [poisoned by a scorpion]
  4683 | D:5      | Entered Level 5 of the Dungeon
  4684 | D:5      | Found a radiant altar of Vehumet.
  4687 | D:5      | Reached skill level 5 in Stealth
  4689 | D:5      | Got a scorched hand crossbow
  4736 | D:5      | Noticed a black bear
  4760 | D:5      | Killed a black bear
  4761 | D:5      | Reached skill level 2 in Long Blades
  4761 | D:5      | Reached skill level 1 in Armour
  4761 | D:5      | Reached XP level 7. HP: 34/41 MP: 1/9
  5215 | D:5      | Found Udom Yta's Magic Scroll Boutique.
  5274 | D:5      | Found a burning altar of Makhleb.
  5280 | D:5      | Bought a scroll of remove curse for 36 gold pieces
  5324 | D:5      | Found a white marble altar of Elyvilon.
  5340 | D:5      | Noticed Prince Ribbit
  5372 | D:5      | Killed Prince Ribbit
  5373 | D:5      | Reached skill level 3 in Long Blades
  5373 | D:5      | Reached skill level 2 in Armour
  5373 | D:5      | Reached skill level 6 in Ice Magic
  5832 | D:5      | Reached XP level 8. HP: 46/46 MP: 10/10
  5875 | D:4      | Reached skill level 6 in Stealth
  5954 | D:4      | Found a blossoming altar of Fedhas.
  6077 | D:4      | Reached skill level 3 in Armour
  6280 | D:2      | Killed Sigmund
  6628 | D:5      | Reached skill level 4 in Long Blades
  6670 | D:5      | Found an opulent altar of Gozag.
  6698 | D:5      | Found a glowing silver altar of Zin.
  6715 | D:5      | Found Suzats's Assorted Antiques.
  6733 | D:5      | Became a worshipper of Zin the Law-Giver
  6733 | D:5      | Reached * piety under Zin
  6806 | D:5      | Found a hazy altar of Hepliaklqana.
  6888 | D:5      | Reached skill level 4 in Armour
  7058 | D:6      | Noticed Maggie
  7067 | D:5      | Killed Maggie
  7068 | D:5      | Reached skill level 7 in Stealth
  7068 | D:5      | Reached skill level 7 in Ice Magic
  7068 | D:5      | Reached skill level 1 in Invocations
  7068 | D:5      | Reached XP level 9. HP: 37/51 MP: 5/11
  7214 | D:6      | Reached skill level 2 in Invocations
  7215 | D:6      | Found a staircase to the Ecumenical Temple.
  7216 | D:6      | Found Zoter's Assorted Antiques.
  7485 | D:6      | Found a stormy altar of Qazlal.
  8359 | D:7      | Reached ** piety under Zin
  8490 | D:7      | Reached skill level 5 in Long Blades
  8669 | D:7      | Reached skill level 5 in Armour
  8738 | D:7      | HP: 23/51 [ice beast (6)]
  8955 | D:7      | Noticed Pikel
  8964 | D:7      | Killed Pikel
  8965 | D:7      | Reached skill level 8 in Stealth
  8965 | D:7      | Reached skill level 3 in Invocations
  9121 | D:7      | Reached skill level 4 in Invocations
  9356 | D:7      | Found Poilyerch's Jewellery Shop.
  9643 | D:7      | Found a sacrificial altar of Ru.
  9884 | D:7      | HP: 24/51 [ice beast (4)]
  9896 | D:7      | HP: 20/51 [ice beast (1)]
  9898 | D:7      | Reached skill level 6 in Armour
  9898 | D:7      | Reached XP level 10. HP: 15/56 MP: 13/13
 10603 | D:8      | Reached *** piety under Zin
 10643 | D:8      | Found a flagged portal.
 10681 | Bailey   | Entered a bailey
 10718 | Bailey   | Reached skill level 6 in Long Blades
 10963 | D:8      | Identified the cursed +1 hand crossbow of Evil {penet,
                  | rElec Str+2 SInv} (You found it on level 5 of the Dungeon)
 11255 | D:8      | Reached skill level 9 in Stealth
 11255 | D:8      | Reached skill level 5 in Invocations
 12429 | D:8      | HP: 21/54 [wight/+0 halberd (10)]
 13582 | D:9      | Reached skill level 7 in Armour
 13614 | D:9      | Noticed Maurice
 13641 | D:9      | Killed Maurice
 13643 | D:9      | Reached **** piety under Zin
 13845 | D:9      | Noticed a cyan ugly thing
 13879 | D:8      | HP: 27/56 [ice beast (12)]
 14291 | D:9      | HP: 27/56 [orc warrior/+0 dire flail (14)]
 14303 | D:9      | HP: 14/56 [orc priest/divine providence (12)]
 14314 | D:9      | HP: 12/56 [orc/+0 short sword (4)]
 14322 | D:8      | HP: 10/56 [orc/+0 short sword (2)]
 14324 | D:8      | Reached skill level 7 in Long Blades
 14550 | D:8      | Reached skill level 6 in Invocations
 14707 | D:9      | HP: 13/56 [orc warrior/+0 dire flail (17)]
 14710 | D:9      | HP: 5/56 [wyvern zombie (8)]
 15062 | D:9      | Found a roughly hewn altar of Beogh.
 15082 | D:9      | Reached ***** piety under Zin
 15146 | D:9      | Found a staircase to the Orcish Mines.
 15347 | D:9      | HP: 26/56 [troll (6)]
 15747 | D:9      | Found a bloodstained altar of Trog.
 15776 | D:9      | Reached skill level 1 in Fighting
 15776 | D:9      | Reached XP level 11. HP: 63/63 MP: 15/15
 15972 | D:9      | Killed a cyan ugly thing
 15973 | D:9      | Reached skill level 10 in Stealth
 16133 | D:10     | Entered Level 10 of the Dungeon
 16390 | D:10     | Found a staircase to the Lair.
 16425 | D:10     | Found Ojun's Armour Shop.
 16427 | D:10     | HP: 26/64 [ogre/+0 giant spiked club (22)]
 16435 | D:10     | HP: 25/64 [poisoned by a worker ant]
 16454 | D:10     | Noticed Nergalle
 16546 | D:10     | Found a transporter.
 16547 | D:10     | Found a transporter.
 16570 | D:10     | HP: 30/64 [troll (7)]
 16571 | D:10     | HP: 11/64 [troll (16)]
 16925 | D:10     | Reached skill level 2 in Fighting
 16927 | D:10     | Reached skill level 8 in Armour
 16937 | D:10     | HP: 30/64 [something (6)]
 16941 | D:10     | Killed an unseen horror
 16942 | D:10     | Reached skill level 7 in Invocations
 17608 | D:10     | Noticed Hehehe's ghost (journeyman DDFi)
 17651 | D:10     | Killed Nergalle
 17652 | D:10     | Reached skill level 8 in Long Blades
 17836 | D:11     | Reached skill level 3 in Fighting
 18124 | D:11     | Noticed a cyclops
 18147 | D:11     | Killed a cyclops
 18298 | D:11     | Noticed a boulder beetle
 18300 | D:11     | Killed a boulder beetle
 18301 | D:11     | Reached skill level 3 in Dodging
 18480 | Lair:1   | Entered Level 1 of the Lair of Beasts
 19063 | Lair:1   | Reached skill level 9 in Armour
 19063 | Lair:1   | Reached skill level 11 in Stealth
 19063 | Lair:1   | Reached XP level 12. HP: 74/74 MP: 17/17
 19075 | Lair:1   | Reached skill level 8 in Invocations
 19133 | Lair:1   | Reached skill level 4 in Fighting
 19149 | Lair:1   | HP: 28/74 [yak (11)]
 19155 | Lair:1   | HP: 28/74 [poisoned by a cane toad]
 19163 | Lair:1   | HP: 27/74 [poisoned by a cane toad]
 19408 | D:10     | Reached skill level 4 in Dodging
 20025 | Lair:1   | HP: 32/75 [yak (11)]
 20728 | Lair:2   | Noticed a five-headed hydra
 20912 | Lair:1   | HP: 23/76 [komodo dragon (22)]
 21157 | Lair:1   | HP: 36/76 [cane toad (8)]
 21162 | Lair:1   | HP: 34/76 [poisoned by a cane toad]
 21165 | Lair:1   | Reached skill level 5 in Dodging
 21168 | Lair:1   | HP: 32/76 [poisoned by a cane toad]
 21174 | Lair:1   | HP: 31/76 [poisoned by a cane toad]
 21182 | Lair:1   | HP: 31/76 [poisoned by a cane toad]
 21536 | Lair:1   | Reached skill level 5 in Fighting
 21629 | Lair:1   | HP: 38/77 [poisoned by a cane toad]
 21634 | Lair:1   | HP: 23/77 [yak (1)]
 21635 | Lair:1   | HP: 11/77 [yak (11)]
 21641 | Lair:1   | HP: 9/77 [poisoned by a cane toad]
 21647 | Lair:1   | HP: 9/77 [poisoned by a cane toad]
 21655 | Lair:1   | HP: 8/77 [poisoned by a cane toad]
 22248 | Lair:2   | HP: 32/77 [komodo dragon (18)]
 22492 | Lair:2   | Reached skill level 9 in Invocations
 22900 | Lair:2   | Found a staircase to the Snake Pit.
 22935 | Lair:2   | Reached skill level 10 in Armour
 23041 | Lair:2   | Found a staircase to the Swamp.
 23464 | Lair:3   | Noticed a boulder beetle
 23471 | Lair:3   | HP: 29/77 [polar bear (25)]
 23725 | Lair:3   | Reached skill level 6 in Dodging
 23725 | Lair:3   | Reached skill level 12 in Stealth
 23725 | Lair:3   | Reached XP level 13. HP: 50/82 MP: 7/19
 24947 | Lair:3   | Reached skill level 1 in Shields
 25399 | Lair:4   | Reached skill level 6 in Fighting
 25489 | Lair:4   | Reached skill level 2 in Shields
 25588 | Lair:4   | Noticed an eight-headed hydra
 25612 | Lair:4   | HP: 33/83 [eight-headed hydra (12)]
 25638 | Lair:4   | Killed an eight-headed hydra
 25639 | Lair:4   | Reached skill level 3 in Shields
 26003 | Lair:4   | Reached skill level 10 in Invocations
 26180 | Lair:4   | Reached ****** piety under Zin
 26223 | Lair:4   | Reached skill level 9 in Long Blades
 26231 | Lair:4   | HP: 32/83 [rime drake/flash freeze (22)]
 26233 | Lair:4   | HP: 15/83 [rime drake/flash freeze (17)]
 26237 | Lair:4   | Reached skill level 4 in Shields
 26585 | Lair:4   | Noticed a seven-headed hydra
 26660 | Lair:4   | HP: 41/83 [seven-headed hydra (11)]
 26669 | Lair:4   | HP: 38/83 [seven-headed hydra (5)]
 26671 | Lair:4   | Killed a seven-headed hydra
 26884 | Lair:4   | Noticed a six-headed hydra
 27171 | Lair:4   | Noticed a boulder beetle
 27257 | Lair:4   | HP: 38/83 [elephant (10)]
 27259 | Lair:4   | Reached skill level 5 in Shields
 27265 | Lair:4   | HP: 31/83 [elephant (8)]
 27270 | Lair:4   | HP: 24/83 [elephant (7)]
 27626 | Lair:4   | HP: 41/83 [six-headed hydra (1)]
 27668 | Lair:4   | HP: 40/83 [elephant (1)]
 27704 | Lair:3   | HP: 34/83 [elephant (8)]
 28039 | Lair:4   | HP: 41/83 [poisoned by a cane toad]
 28044 | Lair:4   | HP: 37/83 [poisoned by a cane toad]
 28049 | Lair:4   | HP: 34/83 [poisoned by a cane toad]
 28055 | Lair:4   | HP: 32/83 [poisoned by a cane toad]
 28061 | Lair:4   | HP: 32/83 [poisoned by a cane toad]
 28069 | Lair:4   | HP: 32/83 [poisoned by a cane toad]
 28800 | Lair:5   | Found a gate leading to a gauntlet.
 28879 | Lair:4   | HP: 36/83 [elephant (11)]
 29205 | Lair:5   | Reached skill level 11 in Invocations
 29224 | Lair:5   | HP: 42/84 [elephant (4)]
 29255 | Lair:5   | HP: 36/84 [elephant (10)]
 29265 | Lair:4   | HP: 32/84 [elephant (6)]
 29567 | Lair:4   | HP: 42/84 [six-headed hydra (7)]
 29572 | Lair:4   | HP: 40/84 [six-headed hydra (2)]
 29577 | Lair:4   | HP: 26/84 [six-headed hydra (3)]
 29579 | Lair:4   | Killed a six-headed hydra
 29580 | Lair:4   | Reached XP level 14. HP: 26/90 MP: 0/22
 29987 | Orc:1    | Entered Level 1 of the Orcish Mines
 30364 | Orc:1    | Reached skill level 10 in Long Blades
 30404 | Orc:1    | Noticed an orc warlord
 30797 | D:5      | Bought a scroll of acquirement for 624 gold pieces
 30797 | D:5      | Acquired 671 gold pieces
 31137 | D:11     | Reached skill level 7 in Dodging
 31511 | D:11     | Got a fine pewter ring
 31554 | D:11     | Identified the ring of Regeid {Wiz Will+ MP+9} (You found
                  | it on level 11 of the Dungeon)
 31559 | D:11     | Learned a level 3 spell: Mephitic Cloud
 31698 | D:11     | Reached skill level 1 in Air Magic
 31850 | D:11     | Noticed a war gargoyle
 31850 | D:11     | Noticed Erolcha
 31873 | D:11     | Killed Erolcha
 31874 | D:11     | Reached skill level 2 in Air Magic
 31927 | D:11     | HP: 34/90 [two-headed ogre/+0 giant spiked club (16)]
 32394 | D:11     | Noticed Grum
 32410 | D:11     | Reached skill level 3 in Air Magic
 32418 | D:11     | Killed Grum
 32607 | D:11     | Found Cocalugi's Magic Scroll Shoppe.
 32824 | D:11     | Noticed an orc warlord
 33216 | D:12     | Reached skill level 4 in Air Magic
 33508 | D:12     | HP: 44/90 [wizard/bolt of lightning (11)]
 33511 | D:12     | Reached skill level 11 in Long Blades
 33877 | D:12     | Identified the Grimoire of Combed Thunderclap
 34174 | D:12     | Reached skill level 5 in Air Magic
 34632 | D:12     | Identified the Handbook of Sand
 34639 | D:12     | Identified Ts'ui PĂȘn's Compendium of Forking Paths
 34924 | D:12     | HP: 43/90 [skeletal warrior/+0 short sword[a death knight]
                  | (9)]
 35557 | D:13     | Noticed Josephine
 36033 | D:12     | Killed Josephine
 36451 | D:13     | Reached skill level 6 in Air Magic
 36900 | D:13     | Found Likih's Armour Shop.
 37040 | D:13     | Reached skill level 6 in Shields
 37393 | D:13     | Found a gate to the Vaults.
 37622 | D:14     | You fall into a shaft and drop 1 floor!
 37622 | D:15     | Entered Level 15 of the Dungeon
 38212 | D:15     | Reached skill level 7 in Air Magic
 38304 | D:15     | Reached XP level 15. HP: 96/96 MP: 23/23
 39007 | D:7      | Bought the amulet of Beauty {Spirit rElec rPois Will+} for
                  | 645 gold pieces
 39183 | D:11     | Bought a scroll of acquirement for 728 gold pieces
 39183 | D:11     | Acquired 817 gold pieces
 39185 | D:11     | Bought a scroll of acquirement for 728 gold pieces
 39185 | D:11     | Acquired the +7 scimitar of Tiyrot {elec, rC+}
 39242 | D:13     | Reached skill level 7 in Shields
 39976 | D:15     | Reached skill level 7 in Fighting
 40151 | D:15     | HP: 39/97 [phantasmal warrior[a death knight] (15)]
 40384 | D:15     | Found a staircase to the Depths.
 40541 | D:15     | HP: 42/97 [flayed ghost/flay_damage[a vampire mage] (15)]
 40545 | D:15     | HP: 18/97 [jiangshi[a vampire mage] (9)]
 41477 | Lair:5   | Reached skill level 8 in Shields
 41486 | Lair:5   | Reached skill level 8 in Dodging
 41540 | Lair:5   | HP: 48/97 [wyvern (1)]
 41985 | Lair:5   | Found a staircase to the Slime Pits.
 42585 | Lair:6   | Entered Level 6 of the Lair of Beasts
 42945 | Lair:6   | Reached skill level 11 in Armour
 43413 | Lair:6   | Reached skill level 8 in Fighting
 43429 | Lair:6   | HP: 47/99 [death yak (6)]
 43435 | Lair:6   | Reached skill level 12 in Invocations
 43435 | Lair:6   | Reached XP level 16. HP: 51/105 MP: 15/25
 43673 | Lair:6   | Reached skill level 9 in Shields
 43758 | Lair:6   | Reached skill level 9 in Dodging
 45518 | Snake:1  | Entered Level 1 of the Snake Pit
 45565 | Lair:2   | HP: 53/106 [poisoned by a naga ritualist (toxic radiance)]
 45570 | Lair:2   | HP: 49/106 [poisoned by a naga ritualist (toxic radiance)]
 45576 | Lair:2   | HP: 47/106 [poisoned by a naga ritualist (toxic radiance)]
 45583 | Lair:2   | HP: 46/106 [poisoned by a naga ritualist (toxic radiance)]
 45590 | Lair:2   | HP: 46/106 [poisoned by a naga ritualist (toxic radiance)]
 45598 | Lair:2   | HP: 46/106 [poisoned by a naga ritualist (toxic radiance)]
 45903 | Snake:1  | HP: 49/106 [shock serpent/bolt of electricity (8)]
 45910 | Lair:2   | HP: 45/106 [poisoned by a naga ritualist (splash of
                  | poison)]
 46671 | Snake:1  | Reached skill level 12 in Armour
 46840 | Snake:1  | HP: 52/107 [naga warrior/+0 halberd (2)]
 46843 | Snake:1  | Reached skill level 9 in Fighting
 46843 | Snake:1  | Reached skill level 10 in Shields
 47082 | Snake:1  | Reached skill level 10 in Dodging
 48218 | Snake:2  | HP: 53/108 [naga warrior/+0 scimitar (11)]
 48224 | Snake:2  | HP: 53/108 [poisoned by a naga (splash of poison)]
 48231 | Snake:2  | HP: 52/108 [naga warrior/splash of poison (2)]
 48833 | Snake:2  | Noticed a nagaraja
 48851 | Snake:2  | Killed a nagaraja
 49210 | Snake:2  | Reached XP level 17. HP: 113/113 MP: 26/26
 49541 | Snake:2  | Reached skill level 13 in Invocations
 49707 | Snake:2  | HP: 55/113 [salamander/+0 trident (5)]
 50025 | Snake:2  | HP: 56/113 [naga warrior/+0 hand axe (5)]
 50031 | Snake:2  | HP: 52/113 [naga warrior/+0 hand axe (4)]
 50049 | Snake:2  | HP: 55/113 [naga warrior/splash of poison (2)]
 50425 | Snake:2  | Learned a level 4 spell: Passage of Golubria
 50547 | Snake:2  | HP: 48/113 [black mamba (11)]
 51993 | Snake:3  | HP: 50/114 [naga warrior/+0 flail (13)]
 51998 | Snake:3  | HP: 48/114 [poisoned by a guardian serpent (bolt of
                  | poison)]
 52004 | Snake:3  | HP: 47/114 [poisoned by a guardian serpent (bolt of
                  | poison)]
 52010 | Snake:3  | HP: 46/114 [poisoned by a guardian serpent (bolt of
                  | poison)]
 52018 | Snake:3  | HP: 47/114 [poisoned by a guardian serpent (bolt of
                  | poison)]
 52900 | Snake:3  | Reached skill level 11 in Dodging
 52900 | Snake:3  | Reached skill level 11 in Shields
 53012 | Snake:4  | Entered Level 4 of the Snake Pit
 53680 | Snake:4  | Reached skill level 10 in Fighting
 54094 | Snake:4  | Reached skill level 13 in Armour
 54245 | Snake:4  | HP: 56/115 [naga warrior/+3 long sword of holy wrath (12)]
 54250 | Snake:4  | HP: 48/115 [poisoned by a black mamba]
 54255 | Snake:4  | HP: 42/115 [poisoned by a naga warrior (splash of poison)]
 54260 | Snake:4  | HP: 38/115 [poisoned by a naga warrior (splash of poison)]
 54266 | Snake:4  | HP: 36/115 [poisoned by a naga warrior (splash of poison)]
 54273 | Snake:4  | HP: 35/115 [poisoned by a naga warrior (splash of poison)]
 54280 | Snake:4  | HP: 35/115 [poisoned by a naga warrior (splash of poison)]
 54288 | Snake:4  | HP: 36/115 [poisoned by a naga warrior (splash of poison)]
 54731 | Snake:4  | Reached skill level 12 in Long Blades
 55200 | Snake:4  | Reached XP level 18. HP: 115/121 MP: 28/28
 55394 | Snake:4  | Found a bloodstained altar of Trog.
 55409 | Snake:4  | HP: 59/121 [shock serpent/bolt of electricity (7)]
 55415 | Snake:4  | HP: 37/121 [poisoned by a naga (splash of poison)]
 55421 | Snake:4  | HP: 37/121 [poisoned by a naga (splash of poison)]
 55429 | Snake:4  | HP: 38/121 [poisoned by a naga (splash of poison)]
 57363 | Snake:4  | Reached skill level 14 in Invocations
 57444 | Snake:4  | HP: 54/122 [naga warrior/+0 dire flail (12)]
 58042 | Snake:4  | Got a serpentine rune of Zot
 58573 | Orc:2    | Entered Level 2 of the Orcish Mines
 59017 | Orc:1    | Found a roughly hewn altar of Beogh.
 59018 | Orc:1    | Found Vezonk Gerut's Distillery.
 59367 | Orc:1    | Reached skill level 12 in Shields
 59516 | Orc:2    | Found a roughly hewn altar of Beogh.
 59576 | Orc:2    | Found a staircase to the Elven Halls.
 59693 | Orc:2    | Reached skill level 12 in Dodging
 60092 | Orc:2    | Found Wiaczav's Weapon Shop.
 60092 | Orc:2    | Found Efielar's Book Shoppe.
 60117 | Orc:2    | Found Giewkerch's Armour Emporium.
 60119 | Orc:2    | Found Plog's Magic Scroll Boutique.
 60811 | D:11     | Got a heavily runed pewter ring
 60813 | D:11     | Identified the ring of Miracles {rC- rN++ AC+4 Dex+3} (You
                  | found it on level 11 of the Dungeon)
 61551 | Vaults:1 | Entered Level 1 of the Vaults
 61759 | Vaults:1 | Found Ocziyrph's General Store.
 61765 | Vaults:1 | Bought a scroll of identify for 28 gold pieces
 61827 | Vaults:1 | Found Ygogogg's Assorted Antiques.
 61860 | Vaults:1 | Reached skill level 11 in Fighting
 61996 | Vaults:1 | Bought a scroll of identify for 82 gold pieces
 61997 | Vaults:1 | Bought a scroll of identify for 82 gold pieces
 62060 | Vaults:1 | Found Lariop's Book Emporium.
 62080 | Vaults:1 | Reached XP level 19. HP: 114/128 MP: 29/29
 62293 | Vaults:1 | Reached skill level 14 in Armour
 63001 | Vaults:1 | Reached skill level 13 in Long Blades
 63034 | Vaults:1 | HP: 54/128 [enormous slime creature (53)]
 63099 | Vaults:1 | HP: 60/128 [slime creature (7)]
 63571 | Vaults:1 | HP: 63/128 [yaktaur/bolt[a vault warden] (9)]
 63578 | Vaults:1 | HP: 55/128 [poisoned by an ogre mage (bolt of poison)]
 63586 | Vaults:1 | HP: 55/128 [poisoned by an ogre mage (bolt of poison)]
 63617 | Vaults:1 | HP: 59/128 [yaktaur/bolt[a vault warden] (6)]
 63653 | Vaults:1 | HP: 47/128 [yaktaur/bolt[a vault warden] (14)]
 63673 | Vaults:1 | HP: 42/128 [yaktaur/bolt[a vault warden] (10)]
 64126 | Vaults:1 | HP: 64/128 [yaktaur/bolt[a vault warden] (6)]
 64687 | Vaults:2 | HP: 50/128 [flayed ghost/flay_damage (19)]
 64739 | Vaults:2 | Reached skill level 13 in Shields
 64896 | Vaults:2 | Reached skill level 15 in Invocations
 65310 | Vaults:2 | Noticed Boris
 65343 | Vaults:2 | HP: 61/128 [something (5)]
 65347 | Vaults:2 | HP: 29/127 [disintegration (30)]
 66150 | Vaults:2 | HP: 63/128 [two-headed ogre/+0 giant spiked club (3)]
 66158 | Vaults:2 | HP: 64/128 [something (1)]
 67239 | Vaults:2 | Noticed Poiph's ghost (adept MiBe)
 67246 | Vaults:2 | Found a runed translucent gate.
 67246 | Vaults:2 | Found a runed translucent gate.
 67246 | Vaults:2 | Found a runed translucent gate.
 67259 | Vaults:2 | Noticed Donald
 67554 | Elf:1    | Entered Level 1 of the Elven Halls
 67936 | Elf:1    | Found a ruined gateway.
 67970 | Desolati | Entered the Desolation of Salt
 68024 | Desolati | HP: 57/117 [halazid warlock/bolt of negative energy (3)]
 68029 | Desolati | Reached skill level 15 in Armour
 68029 | Desolati | Reached XP level 20. HP: 62/126 MP: 19/31
 68045 | Desolati | HP: 58/127 [servant of whispers/bolt of lightning (9)]
 68058 | Desolati | HP: 50/127 [saltling (10)]
 68549 | Desolati | Reached skill level 8 in Air Magic
 68615 | Desolati | Got an ancient turquoise ring
 68618 | Desolati | Got a scintillating ivory ring
 68620 | Desolati | Identified the ring "Qutria" {rF+ rN+ EV+4} (You found it
                  | in the Desolation of Salt)
 68622 | Desolati | Identified the ring "Dibeim" {*Slow rCorr Str+2 Dex+4} (You
                  | found it in the Desolation of Salt)
 68628 | Desolati | Got an ichor-stained ring mail
 68639 | Desolati | Identified the cursed +0 ring mail "Ogyzinu" {rElec Str+5
                  | Int+4 Dex-3} (You found it in the Desolation of Salt)
 68652 | Desolati | Got a fine leather armour
 68663 | Desolati | Identified the +1 leather armour of the First Snow {rElec
                  | rPois rC- MP-9} (You found it in the Desolation of Salt)
 68790 | Desolati | Reached skill level 14 in Shields
 68806 | Desolati | Identified the +10 great sword of Benevolence {flame, rElec
                  | rF+++ Str-4}
 68806 | Desolati | Identified the ring of Iqenush {Dex+6 SInv}
 69050 | Desolati | Identified the Compendium of the Shifting Oath
 69193 | Desolati | HP: 63/135 [??? (26)]
 69203 | Desolati | HP: 61/135 [barbs]
 69229 | Desolati | HP: 52/135 [??? (20)]
 69814 | Desolati | Identified Oniad's Grimoire of the Snowflakes
 69820 | Desolati | Identified Sif Muna's Compendium of Translocation and
                  | Transmigration
 69823 | Desolati | Identified the Catalogue of Stones
 69839 | Desolati | Reached skill level 9 in Air Magic
 70756 | Elf:1    | Learned a level 2 spell: Swiftness
 70971 | Elf:1    | HP: 54/135 [+0 vorpal glaive (16)]
 70999 | Elf:1    | HP: 55/135 [+0 vorpal glaive (4)]
 71049 | Elf:1    | HP: 66/135 [+0 vorpal glaive (4)]
 71185 | D:5      | Bought a scroll of teleportation for 36 gold pieces
 71185 | D:5      | Bought a scroll of blinking for 90 gold pieces
 71185 | D:5      | Bought a scroll of blinking for 90 gold pieces
 71197 | D:5      | Bought a scroll of silence for 90 gold pieces
 71346 | Orc:2    | Bought a scroll of teleportation for 39 gold pieces
 71346 | Orc:2    | Bought a scroll of magic mapping for 45 gold pieces
 71401 | Orc:1    | Bought a potion of heal wounds for 85 gold pieces
 71401 | Orc:1    | Bought a potion of haste for 170 gold pieces
 71883 | Elf:1    | Identified Sif Muna's Tome of Arcane Weapons
 71931 | Elf:2    | Learned a level 2 spell: Blink
 71935 | Elf:2    | Learned a level 3 spell: Lesser Beckoning
 71992 | Elf:2    | Reached skill level 10 in Air Magic
 72085 | Elf:2    | Reached skill level 1 in Translocations
 72089 | Elf:2    | Reached skill level 15 in Shields
 72176 | Elf:2    | Found Bolem's Antique Weapon Boutique.
 72196 | Elf:2    | Reached skill level 2 in Translocations
 72392 | Elf:2    | Reached skill level 3 in Translocations
 72467 | Elf:2    | Found a runed translucent gate.
 72504 | Elf:2    | Found a runed translucent gate.
 72504 | Elf:2    | Found a runed translucent gate.
 72512 | Elf:2    | HP: 67/135 [poisoned by a +0 short sword of venom]
 72517 | Elf:1    | HP: 62/135 [+0 short sword of venom (2)]
 72523 | Elf:1    | HP: 60/135 [poisoned by a +0 short sword of venom]
 72529 | Elf:1    | HP: 58/135 [poisoned by a +0 short sword of venom]
 72535 | Elf:1    | HP: 58/135 [poisoned by a +0 short sword of venom]
 72542 | Elf:1    | HP: 59/135 [poisoned by a +0 short sword of venom]
 72843 | Elf:2    | HP: 65/135 [deep elf archer/arrow (19)]
 72852 | Elf:2    | HP: 56/135 [deep elf archer/arrow (6)]
 73251 | Elf:2    | Reached skill level 4 in Translocations
 73683 | Elf:2    | Noticed Aizul
 73713 | Elf:2    | HP: 67/135 [+7 vorpal flail (1)]
 73719 | Elf:1    | HP: 65/135 [+7 vorpal flail (4)]
 73726 | Elf:1    | HP: 38/135 [+7 vorpal flail (11)]
 73729 | Elf:1    | Reached XP level 21. HP: 21/140 MP: 9/32
 74103 | Elf:2    | Reached skill level 5 in Translocations
 74172 | Elf:2    | Reached skill level 11 in Air Magic
 74199 | Elf:2    | Killed Aizul
 74533 | Elf:2    | Reached skill level 6 in Translocations
 75279 | Elf:3    | Entered Level 3 of the Elven Halls
 75392 | Elf:3    | Reached skill level 7 in Translocations
 75809 | Elf:3    | Reached skill level 12 in Air Magic
 75984 | Elf:3    | Reached skill level 8 in Translocations
 76232 | Elf:2    | Got a smoking scale mail
 76243 | Elf:2    | Identified the cursed +1 scale mail of Mamin {Int+4} (You
                  | found it on level 2 of the Elven Halls)
 76506 | Elf:3    | Reached skill level 9 in Translocations
 76882 | Elf:3    | Found a portal to a secret trove of treasure.
 76989 | Elf:3    | Reached skill level 10 in Translocations
 77004 | Elf:3    | Reached skill level 2 in Spellcasting
 77018 | Elf:3    | HP: 63/140 [deep elf blademaster/+0 rapier (10)]
 77026 | Elf:3    | HP: 48/140 [deep elf sorcerer/bolt of acid (17)]
 77370 | Elf:2    | Reached skill level 3 in Spellcasting
 77705 | Elf:3    | HP: 65/140 [deep elf master archer/arrow (22)]
 78004 | Elf:2    | HP: 56/140 [deep elf master archer/arrow (20)]
 78012 | Elf:2    | HP: 52/140 [deep elf master archer/arrow (7)]
 78015 | Elf:2    | Reached skill level 4 in Spellcasting
 78410 | Elf:3    | Identified the +3 halberd "Cezamp" {spect, *Rage rElec
                  | Int+6}
 78411 | Elf:3    | Identified the +3 halberd "Cezamp" {spect, *Rage rElec
                  | Int+6}
 78551 | Elf:3    | Reached skill level 5 in Spellcasting
 78679 | Elf:3    | Identified the +5 rapier "Lanumet" {drain, +Fly Will+}
 78696 | Elf:3    | Identified the +4 robe of Yredelemnul's Esteem {Harm rPois
                  | rN+}
 78795 | Elf:3    | Noticed a Brimstone Fiend
 78798 | Elf:3    | Reached XP level 22. HP: 137/146 MP: 33/33
 78867 | Elf:2    | HP: 72/146 [deep elf blademaster/+0 rapier (11)]
 78872 | Elf:2    | HP: 55/146 [deep elf blademaster/+0 rapier (8)]
 79166 | Elf:3    | Reached skill level 6 in Spellcasting
 79265 | Elf:3    | Identified the amulet of the Little Devil {Faith +Inv
                  | Will+}
 79458 | Elf:3    | Reached skill level 7 in Spellcasting
 79629 | Elf:3    | Learned a level 7 spell: Summon Hydra
 79635 | Elf:3    | Learned a level 5 spell: Silence
 80281 | Swamp:1  | Entered Level 1 of the Swamp
 80311 | Swamp:1  | Reached skill level 1 in Summonings
 80906 | Swamp:1  | Reached skill level 2 in Summonings
 81684 | Swamp:2  | Reached skill level 3 in Summonings
 82071 | Swamp:2  | Reached skill level 8 in Spellcasting
 82289 | Swamp:2  | Learned a level 5 spell: Summon Forest
 82879 | Swamp:3  | Reached skill level 4 in Summonings
 83173 | Swamp:4  | Entered Level 4 of the Swamp
 83251 | Swamp:4  | HP: 66/146 [shambling mangrove (9)]
 83259 | Swamp:4  | HP: 35/146 [shambling mangrove (9)]
 83812 | Swamp:4  | Found a frozen archway.
 83851 | IceCv    | Entered an ice cave
 83972 | IceCv    | Reached skill level 6 in Summonings
 83972 | IceCv    | Reached XP level 23. HP: 142/152 MP: 35/35
 83979 | IceCv    | Learned a level 5 spell: Summon Mana Viper
 83985 | IceCv    | HP: 64/152 [iron troll simulacrum (35)]
 83985 | IceCv    | HP: 27/152 [iron troll simulacrum (31)]
 84962 | Swamp:4  | Got a decaying rune of Zot
 85068 | Swamp:4  | Reached skill level 9 in Spellcasting
 85339 | Swamp:4  | Got a scintillating glass ring
 85780 | Vaults:2 | Reached skill level 7 in Summonings
 85891 | Vaults:2 | Killed Donald
 86144 | Vaults:2 | Killed Boris
 86331 | Vaults:2 | Reached XP level 24. HP: 144/157 MP: 34/36
 86670 | Vaults:3 | Noticed Saint Roka
 86690 | Vaults:3 | Killed Saint Roka
 86691 | Vaults:3 | Reached skill level 8 in Summonings
 87149 | Vaults:3 | Identified the cursed ring of Epledyxe {Will+ Str-4 Dex+3}
                  | (You found it on level 4 of the Swamp)
 87204 | Vaults:3 | Reached skill level 10 in Spellcasting
 87560 | Vaults:3 | Reached skill level 9 in Summonings
 87693 | Vaults:3 | Noticed Mennas
 87714 | Vaults:3 | Found a staircase to the Crypt.
 87749 | Vaults:3 | HP: 78/157 [vampire mage (2)]
 87755 | Vaults:3 | HP: 70/155 [vampire mage/vampiric draining (11)]
 87756 | Vaults:3 | HP: 34/145 [vampire mage/bolt of negative energy (24)]
 87761 | Vaults:3 | HP: 42/145 [soul eater/drain life (3)]
 88959 | Vaults:4 | Reached skill level 10 in Summonings
 88965 | Vaults:4 | HP: 73/157 [frost giant/bolt of cold (8)]
 89504 | Vaults:4 | HP: 74/157 [ghoul[a death knight] (11)]
 89519 | Vaults:4 | HP: 63/157 [ghoul[a death knight] (15)]
 89527 | Vaults:4 | Reached skill level 11 in Summonings
 90043 | Vaults:4 | HP: 71/157 [yaktaur captain/bolt (30)]
 90058 | Vaults:4 | HP: 67/157 [yaktaur captain (9)]
 90674 | Vaults:4 | Found Paklos's Distillery.
 90682 | Vaults:4 | Bought a potion of heal wounds for 100 gold pieces
 90682 | Vaults:4 | Bought a potion of heal wounds for 100 gold pieces
 90682 | Vaults:4 | Bought a potion of invisibility for 160 gold pieces
 90711 | Vaults:4 | Found a large runed translucent door.
 90711 | Vaults:4 | Found a large runed translucent door.
 90736 | Vaults:4 | Noticed Bidatih's ghost (adept MiBe)
 91070 | Vaults:4 | Found Ilah's Magic Scroll Boutique.
 91076 | Vaults:4 | Bought a scroll of acquirement for 988 gold pieces
 91076 | Vaults:4 | Bought a scroll of teleportation for 57 gold pieces
 91076 | Vaults:4 | Bought a scroll of magic mapping for 66 gold pieces
 91080 | Vaults:4 | Acquired a +2 vorpal double sword
 91206 | Vaults:4 | Found Nemis's Antique Armour Shop.
 91211 | Vaults:4 | Bought a pair of translucent boots for 247 gold pieces
 91211 | Vaults:4 | Bought a smoking leather armour for 182 gold pieces
 91211 | Vaults:4 | Identified the +1 leather armour of Wonder {-Tele Str+5}
                  | (You bought it in a shop on level 4 of the Vaults)
 91212 | Vaults:4 | Identified the +1 pair of boots of Vynuentuach {Str+4
                  | Int+2} (You bought it in a shop on level 4 of the Vaults)
 91545 | Vaults:3 | Reached skill level 12 in Summonings
 91627 | Vaults:3 | Reached XP level 25. HP: 82/162 MP: 37/37
 91628 | Vaults:3 | HP: 59/162 [flayed ghost/flay_damage (24)]
 91908 | Depths:1 | Entered Level 1 of the Depths
 92353 | Depths:1 | HP: 58/162 [white very ugly thing (30)]
 92358 | Depths:1 | HP: 52/162 [poisoned by a green very ugly thing]
 92364 | Depths:1 | HP: 49/162 [poisoned by a green very ugly thing]
 92369 | Depths:1 | HP: 46/162 [poisoned by a green very ugly thing]
 92376 | Depths:1 | HP: 45/162 [poisoned by a green very ugly thing]
 92381 | Depths:1 | HP: 45/162 [poisoned by a green very ugly thing]
 92386 | Depths:1 | HP: 45/162 [poisoned by a green very ugly thing]
 92394 | Depths:1 | HP: 46/162 [poisoned by a green very ugly thing]
 92401 | Depths:1 | HP: 46/162 [poisoned by a green very ugly thing]
 92826 | Depths:1 | Found a one-way gate to the infinite horrors of the Abyss.
 93227 | Depths:1 | Reached skill level 13 in Summonings
 93236 | Depths:1 | HP: 80/162 [poisoned by a death drake (dark miasma)]
 93241 | Depths:1 | HP: 74/162 [poisoned by a death drake (dark miasma)]
 93246 | Depths:1 | HP: 71/162 [poisoned by a death drake (dark miasma)]
 93251 | Depths:1 | HP: 70/162 [poisoned by a death drake (dark miasma)]
 93256 | Depths:1 | HP: 71/162 [poisoned by a death drake (dark miasma)]
 93262 | Depths:1 | HP: 72/162 [poisoned by a death drake (dark miasma)]
 93403 | Depths:1 | HP: 71/162 [frost giant/bolt of cold (14)]
 93704 | Depths:1 | Found a gateway to Hell.
 94504 | Depths:2 | HP: 73/162 [spriggan rider/+0 spear (10)]
 94945 | Depths:1 | Reached skill level 14 in Summonings
 95070 | Depths:2 | HP: 72/162 [white very ugly thing (12)]
 95823 | Depths:2 | HP: 80/162 [spriggan air mage (8)]
 97271 | Depths:2 | Acquired 587 gold pieces
 97344 | Depths:2 | Reached skill level 13 in Stealth
 97679 | Depths:2 | Identified Raicoec's Almanac of the Harmful Glacier
 97909 | Depths:2 | Paralysed by a floating eye for 4 turns
 98291 | Depths:2 | Learned a level 6 spell: Shadow Creatures
 98336 | Depths:2 | Found a gateway to a ziggurat.
 98400 | Depths:3 | Found a one-way gate leading to the halls of Pandemonium.
 98405 | Depths:3 | Reached XP level 26. HP: 169/169 MP: 37/37
 98467 | Depths:3 | Reached skill level 15 in Summonings
 98718 | Depths:3 | Identified the +2 pair of boots "Tuthruo" {Int+2} (You
                  | found it on level 3 of the Depths)
 98889 | Depths:3 | Reached skill level 14 in Stealth
100708 | Depths:4 | Reached skill level 15 in Stealth
100805 | Depths:3 | HP: 84/169 [tentacled monstrosity (5)]
101098 | Depths:4 | Found a flickering gateway to a bazaar.
101107 | Bazaar   | Entered a bazaar
101262 | Bazaar   | Found Juotim's Antique Armour Emporium.
101263 | Bazaar   | Found Icashupsug's Armour Emporium.
101308 | Bazaar   | Found Tominebu's Weapon Shoppe.
101309 | Bazaar   | Found Pahyisi's Armour Shoppe.
101332 | Bazaar   | Bought the +10 long sword "Dragonbane" {vorpal, Dex+2} for
                  | 996 gold pieces
101356 | Bazaar   | Bought a shiny helmet for 277 gold pieces
101356 | Bazaar   | Bought an embroidered cloak for 277 gold pieces
101482 | Depths:4 | HP: 81/169 [iron troll (7)]
101487 | Depths:4 | HP: 58/169 [iron troll (18)]
102655 | Depths:4 | Reached skill level 16 in Summonings
102698 | Depths:4 | Reached skill level 16 in Stealth
102725 | Depths:4 | HP: 67/169 [flayed ghost/flay_damage (27)]
102730 | Depths:4 | HP: 41/169 [poisoned by a death drake (dark miasma)]
102735 | Depths:4 | HP: 36/169 [poisoned by a death drake (dark miasma)]
102740 | Depths:4 | HP: 82/169 [poisoned by a death drake (dark miasma)]
102745 | Depths:4 | HP: 81/169 [poisoned by a death drake (dark miasma)]
102752 | Depths:4 | HP: 81/169 [poisoned by a death drake (dark miasma)]
102760 | Depths:4 | HP: 82/169 [poisoned by a death drake (dark miasma)]
103211 | Depths:4 | HP: 75/169 [yaktaur captain (19)]
104075 | Depths:5 | Entered Level 5 of the Depths
104148 | Depths:5 | Reached XP level 27. HP: 151/174 MP: 12/37
104731 | Depths:5 | Found a gate to the Realm of Zot.
105150 | Depths:5 | HP: 80/175 [white ugly thing (14)]
105154 | Depths:5 | Reached skill level 13 in Dodging
105728 | Depths:5 | HP: 73/176 [golden dragon/bolt of fire (22)]
107079 | Crypt:1  | Entered Level 1 of the Crypt
107107 | Crypt:1  | HP: 79/176 [necromancer/bolt of cold (36)]
107121 | Crypt:1  | HP: 77/176 [harpy skeleton[a necromancer] (6)]
107126 | Crypt:1  | HP: 65/176 [harpy skeleton[a necromancer] (2)]
107487 | Vaults:5 | Entered Level 5 of the Vaults
107693 | Vaults:5 | Reached skill level 17 in Stealth
107724 | Vaults:5 | Reached skill level 12 in Fighting
108013 | Vaults:5 | Found the +2 robe of Vines {NoPotionHeal Regen+7}
108014 | Vaults:5 | Noticed an ancient lich
108503 | Vaults:5 | Identified the amulet "Juexyg" {Acrobat Str+5} (You found
                  | it on level 5 of the Vaults)
108534 | Vaults:5 | Identified the +1 scale mail "Zyrhoner" {rElec Str+5} (You
                  | found it on level 5 of the Vaults)
109195 | Vaults:5 | Identified the +7 quarterstaff of the Inferno {vorpal,
                  | rPois Str+4}
109195 | Vaults:5 | Found the ring of the Octopus King {AC+1 EV+1 Str+1 Int+1
                  | Dex+1 SInv}
109396 | Vaults:5 | Reached skill level 14 in Dodging
109790 | Vaults:5 | Identified the ring "Olorph" {EV+4 Str+4}
109790 | Vaults:5 | Noticed Boris
109806 | Vaults:5 | Identified Robac's Volume of Curses
109818 | Vaults:5 | HP: 81/179 [vault guard/+1 battleaxe (13)]
110270 | Vaults:5 | Killed Boris
110271 | Vaults:5 | Reached skill level 17 in Summonings
110851 | Vaults:5 | Identified the Guide on Doomed Beguiling
111416 | Vaults:5 | Identified Cuekecia's Tome of the Escort and Poison
111445 | Vaults:5 | Learned a level 6 spell: Dispersal
111455 | Vaults:5 | Reached skill level 18 in Stealth
111794 | Vaults:5 | Killed an ancient lich
111827 | Vaults:5 | Got a silver rune of Zot
112333 | D:11     | Bought 3 scrolls of enchant armour for 315 gold pieces
112333 | D:11     | Bought a scroll of blinking for 105 gold pieces
112600 | Vaults:4 | Bought a scroll of enchant armour for 142 gold pieces
112980 | Zot:1    | Entered Level 1 of the Realm of Zot
113456 | Orc:2    | Bought a scroll of fog for 26 gold pieces
113456 | Orc:2    | Bought a scroll of fog for 26 gold pieces
113456 | Orc:2    | Bought 2 scrolls of fear for 91 gold pieces
113557 | Elf:3    | You paid a toll of 7 scrolls of fog to enter a treasure
                  | trove
113558 | Trove    | Entered a treasure trove
113583 | Trove    | Identified the +2 fustibalus "Jellybane" {freeze, Str+6
                  | Stlth+} (You found it in a treasure trove)
113586 | Trove    | Identified the +8 rapier "Nullossu" {elec, Str+2} (You
                  | found it in a treasure trove)
113595 | Trove    | Identified the +9 scimitar "Nusuph" {antimagic, rN++ Int+4}
                  | (You found it in a treasure trove)
113952 | Depths:5 | Reached skill level 13 in Fighting
114082 | Zot:1    | HP: 84/180 [golden dragon/bolt of fire (10)]
115245 | Zot:1    | Reached skill level 15 in Dodging
117101 | Zot:2    | Noticed an orb of fire
117199 | Zot:2    | HP: 88/180 [orb of fire/fireball (5)]
117204 | Zot:2    | HP: 75/180 [acid (14)]
117513 | Zot:2    | Killed an orb of fire
118691 | Zot:3    | Reached skill level 16 in Armour
119116 | Zot:3    | Reached skill level 11 in Spellcasting
119853 | Zot:3    | Noticed an orb of fire
119876 | Zot:3    | Killed an orb of fire
119877 | Zot:3    | Reached skill level 18 in Summonings
119941 | Zot:3    | HP: 88/180 [purple draconian stormcaller/divine providence
                  | (9)]
119946 | Zot:3    | HP: 79/180 [tentacled monstrosity (3)]
119968 | Zot:3    | HP: 65/180 [golden dragon/bolt of fire (6)]
121171 | Zot:4    | Identified the +4 battleaxe "Jotzusap" {freeze, rPois rF-
                  | Str+8 Int+6}
122132 | Zot:4    | Reached skill level 17 in Armour
122132 | Zot:4    | Reached skill level 11 in Translocations
122554 | Zot:5    | Entered Level 5 of the Realm of Zot
123338 | Zot:5    | Reached skill level 12 in Spellcasting
123465 | Zot:5    | Noticed an ancient lich
123470 | Zot:5    | Killed an ancient lich
123471 | Zot:5    | Reached skill level 12 in Translocations
123477 | Zot:5    | Noticed an ancient lich
123497 | Zot:5    | Killed an ancient lich
123661 | Zot:5    | Noticed a Killer Klown
123664 | Zot:5    | Noticed a Killer Klown
123710 | Zot:4    | Killed a Killer Klown
123711 | Zot:4    | Reached skill level 13 in Translocations
123981 | Zot:5    | Killed a Killer Klown
124049 | Zot:5    | Noticed an orb of fire
124076 | Zot:5    | Killed an orb of fire
124290 | Zot:5    | Noticed an orb of fire
124316 | Zot:5    | Killed an orb of fire
124316 | Zot:5    | Noticed a Killer Klown
124568 | Zot:5    | Noticed an ancient lich
124569 | Zot:5    | Noticed an ancient lich
124570 | Zot:5    | Noticed an orb of fire
124776 | Zot:5    | Killed an ancient lich
124803 | Zot:5    | Killed an orb of fire
124804 | Zot:5    | Reached skill level 14 in Translocations
125066 | Zot:5    | Killed a Killer Klown
125073 | Zot:5    | Noticed a Killer Klown
125108 | Zot:5    | Killed a Killer Klown
125213 | Zot:5    | Reached skill level 19 in Stealth
125226 | Zot:5    | Noticed an orb of fire
125423 | Zot:5    | HP: 84/182 [orb of fire/fireball (11)]
125428 | Zot:5    | HP: 76/182 [orb of fire/bolt of fire (9)]
125433 | Zot:5    | HP: 65/182 [orb of fire/fireball (12)]
125731 | Zot:5    | Noticed an orb of fire
125770 | Zot:4    | HP: 90/182 [orb of fire/bolt of fire (8)]
125776 | Zot:4    | HP: 87/182 [orb of fire/bolt of fire (5)]
125788 | Zot:4    | HP: 83/182 [orb of fire/fireball (6)]
126100 | Zot:5    | Killed an orb of fire
126231 | Zot:5    | Noticed a Killer Klown
126262 | Zot:5    | Killed a Killer Klown
126360 | Zot:5    | Reached skill level 14 in Fighting
126463 | Zot:5    | Noticed a Killer Klown
126515 | Zot:5    | Killed a Killer Klown
126561 | Zot:5    | Noticed an orb of fire
126784 | Zot:5    | Noticed an orb of fire
126833 | Zot:5    | Killed an orb of fire
126904 | Zot:5    | Killed an orb of fire
127232 | Zot:5    | Got the Orb of Zot
127691 | D:11     | Noticed Uppyts the pandemonium lord
127703 | D:11     | HP: 69/185 [???[Uppyts] (36)]
127970 | D:3      | Reached skill level 20 in Stealth
127988 | D:3      | Noticed Yheock the pandemonium lord
128041 | D:$      | Escaped with the Orb!

Illustrated notes

Levels and vault maps discovered:
D:1:      minmay_arrival_hallway, layout_loops_cross
D:2:      layout_rooms, xom_teletrap_fun, lemuel_blue_sif_altar,
          lightli_corner_chamber, uniq_sigmund
D:3:      layout_basic
D:4:      layout_basic, fedhas_altar_4
D:5:      layout_basic, nzn_hepliaklqana_mist_gate, elyvilon_altar_4,
          makhleb_heckhound_becter, overflow_temple_1_default,
          pdpol_temple_overflow_zin_treasury_gozag_greed, serial_shops,
          kennysheep_mini_moat, shop, uniq_prince_ribbit1
D:6:      layout_basic, nicolae_overflow_crystal_walls, temple_statues,
          serial_shops, nicolae_shop_waterfront, uniq_maggie
D:7:      layout_loops_ring, kennysheep_little_box, serial_shops, shop,
          uniq_pikel
D:8:      layout_basic, enter_bailey_7
D:9:      layout_roguey [special_room_orc], old_standard_altar, orc_0_dummy,
          nrook_mini_vaults, uniq_maurice
D:10:     layout_loops_ring, lair_entry_dummy, gammafunk_ghost_mausoleum,
          serial_shops, shop, uniq_nergalle
D:11:     nzn_winding_woodlands_stair_cross [nzn_winding_woodlands_5x15_zeroes,
          nzn_winding_woodlands_center_diamonds, nzn_winding_woodlands_5x15_eye,
          nzn_winding_woodlands_5x5_perimeter,
          nzn_winding_woodlands_5x5_open_star,
          nzn_winding_woodlands_5x15_lazy_stream,
          nzn_winding_woodlands_center_pierced_h,
          nzn_winding_woodlands_5x15_crooked], layout_basic, serial_shops,
          nicolae_shop_trees, minmay_gold_behind_fungi, uniq_erolcha, uniq_grum
D:12:     layout_basic, bh_hangedman_babel_library
D:13:     layout_roguey, david_vaults_1, serial_shops, kennysheep_mini,
          uniq_josephine
D:14:     layout_small_grid
D:15:     gammafunk_depths_entry_grave, layout_small_grid, lightli_minifort
Lair:1:   layout_misc_corridors
Lair:2:   layout_cave_shapes, swamp_mist, minmay_snake_entry_guardpost_small,
          disabler_island
Lair:3:   layout_cave_pods
Lair:4:   layout_regular_city, st_stairs_5, chequers_serial_rivers_marsh
Lair:5:   minmay_lair_venomous_thicket, layout_loops_ring, slime_dummy,
          gauntlet_entry_generic, grunt_megastairs_5, serial_bayou_shore_b
Lair:6:   grunt_lair_end_beastmaster, layout_cave_pods, columned_hall_lemuel,
          st_stairs_6, kilobyte_rumbling_trees
Swamp:1:  layout_basic_swamp, nicolae_swamp_dense_foliage
Swamp:2:  layout_basic_swamp, infiniplex_staircase_pool, swamp_pool1
Swamp:3:  layout_falls_marsh, evilmike_swamp_ruin_rubble_2,
          infiniplex_staircase_pool_2
Swamp:4:  swamp_alternative, layout_basic_swamp,
          portal_ice_cave_entry_pillars_three, swamp_pool2
Snake:1:  layout_chambers, grunt_megastairs_3
Snake:2:  kennysheep_six_static_rooms, layout_layer_cave
Snake:3:  layout_grid_maze, grunt_megastairs_4
Snake:4:  minmay_snake_end_coiled, layout_layer_cave, basic_altar,
          hangedman_corner_corridor
Orc:1:    layout_caves, serial_shops, nicolae_shop_waterfront, basic_altar
Orc:2:    st_orc_rangers, layout_caves, basic_altar
Elf:1:    eino_elf_arrival_the_gate, layout_onion_city,
          portal_desolation_entry_ruin, minmay_elf_sorcery
Elf:2:    layout_onion_city, serial_shops, nicolae_shop_overgrown_old_shop,
          lemuel_flamethrower_hall, uniq_aizul
Elf:3:    minmay_elf_hall_furrowed, layout_loops_cross, enter_trove_5
Vaults:1: ontoclasm_vaults_fire_temple, v_misc_2, ontoclasm_vaults_hangar,
          nicolae_vaults_network_square, ontoclasm_vaults_gateway,
          nicolae_vaults_mini_display_case, v_misc_2, layout_vaults_quadrants,
          serial_shops, nicolae_shop_stone, shop, shop
Vaults:2: gammafunk_vaults_ghost_split, nicolae_vaults_network_barrier,
          hangedman_vaults_hat, ontoclasm_vaults_ring_square,
          ontoclasm_vaults_gallery, vaults_room_door_ring, v_misc_26,
          nicolae_vaults_puzzle_piece, ontoclasm_vaults_chip,
          vaults_room_fancy_cross, layout_vaults_omnicross, uniq_boris,
          uniq_donald
Vaults:3: v_misc_29, ontoclasm_vaults_chip, v_misc_14,
          nicolae_vaults_network_periphery, nicolae_vaults_network_s, v_misc_13,
          hangedman_vaults_variations, ontoclasm_vaults_hangar,
          grunt_vaults_twisty, minmay_crypt_entry_simple_sparse,
          vaults_dpeg_doors, ontoclasm_vaults_decontamination,
          vaults_dpeg_diagonal, nicolae_vaults_little_squares_4,
          nicolae_vaults_diagonal_hallway_8, vaults_room_door_ring,
          layout_vaults_maze, uniq_mennas, uniq_saint_roka
Vaults:4: ebering_vaults_ghost_disaster_area, hangedman_vaults_stream,
          nicolae_vaults_shelves_hall, vaults_dpeg_spiral, v_misc_14,
          hangedman_vaults_snaps, ontoclasm_vaults_fault,
          hangedman_vaults_corner, layout_vaults_big_room, serial_shops,
          nicolae_shop_behind_doors, shop, shop_fountains
Vaults:5
Crypt:1:  layout_basic, hex_tiny, feat_on_display, grunt_crypt_arrival_webbed
Depths:1: layout_twisted_cross, hangedman_decor_riveting,
          pf_hell_entry_tar_river, abyss_entry_small_statue_room,
          minmay_fractal_squares_diagonal_5
Depths:2: grunt_runaround [grunt_runaround_doors_1, grunt_runaround_doors_2,
          grunt_runaround_doors_3, grunt_runaround_doors_4,
          grunt_runaround_loot], hell_entry
Depths:3: mu_elephants_graveyard, layout_cross, pan_entry, grunt_mini_vestibule,
          hangedman_glass_teeth, skrybe_limestone_x,
          kennysheep_opposing_triangles
Depths:4: hangedman_cross_veins, layout_honeycomb, abyss_entry,
          grunt_decor_arrowhead, serial_shops, bzr_firewalk,
          grunt_hell_entry_dis_old
Depths:5: grunt_zot_entry_tricorne, layout_basic, minmay_misc_feat_tiny,
          hell_entry
Zot:1:    layout_gridlike, hangedman_zot_decor_checkerboard
Zot:2:    layout_basic
Zot:3:    layout_basic, bh_zot_ikea_curve
Zot:4:    layout_concentric_octagons
Zot:5:    layout_misc_corridors

Skill      XL: |  1  2  3  4  5  6  7  8  9 10 11 12 13 14 15 16 17 18 19 20 21 22 23 24 25 26 27 |
---------------+----------------------------------------------------------------------------------+-----
Stealth        | 3 4 5 7 8 9 11 12 13 16 20 | 20.0
Short Blades   | 1 2 |  2.1
Ice Magic      | 5 6 7 |  7.0
Long Blades    | 1 2 3 4 5 7 8 9 11 12 13 | 13.9
Armour         | 1 2 4 6 7 9 10 11 12 13 15 17 | 17.0
Invocations    | 1 4 6 7 9 11 12 13 14 15 | 15.3
Fighting       | 1 3 5 6 8 9 10 11 14 | 14.8
Dodging        | 3 6 7 8 10 11 12 15 | 15.0
Shields        | 5 6 8 10 11 12 13 15 | 15.0
Air Magic      | 7 10 12 | 12.0
Translocations | 4 10 14 | 14.0
Spellcasting   | 5 8 9 10 12 | 12.0
Summonings     | 6 7 12 14 16 18 | 18.3

Action                   |  1- 3 |  4- 6 |  7- 9 | 10-12 | 13-15 | 16-18 | 19-21 | 22-24 | 25-27 || total
-------------------------+-------+-------+-------+-------+-------+-------+-------+-------+-------++-------
Melee: Unarmed           |    19 |       |       |       |       |       |       |       |       ||    19
       Dagger            |     7 |    47 |    95 |   522 |  1359 |    45 |     7 |       |       ||  2082
       Long sword        |       |       |   203 |   352 |       |       |       |       |    96 ||   651
       Scimitar          |       |       |       |       |   412 |  1583 |  1727 |   467 |   768 ||  4957
       Knife             |       |       |       |       |       |       |       |   814 |  2382 ||  3196
 Cast: Freeze            |    45 |    48 |    15 |    70 |    54 |     4 |       |       |       ||   236
       Frozen Ramparts   |     1 |     7 |    19 |    80 |   111 |    28 |       |       |       ||   246
       Ozocubu's Armour  |       |     1 |    16 |    80 |   103 |    22 |     2 |     1 |     3 ||   228
       Mephitic Cloud    |       |       |       |       |       |       |    75 |   146 |   166 ||   387
       Swiftness         |       |       |       |       |       |       |     1 |       |    13 ||    14
       Summon Forest     |       |       |       |       |       |       |       |    10 |       ||    10
       Lesser Beckoning  |       |       |       |       |       |       |       |     2 |       ||     2
       Blink             |       |       |       |       |       |       |       |     3 |     4 ||     7
       Passage of Golubr |       |       |       |       |       |       |       |     1 |     2 ||     3
       Summon Mana Viper |       |       |       |       |       |       |       |     3 |    40 ||    43
       Silence           |       |       |       |       |       |       |       |     1 |     1 ||     2
       Summon Hydra      |       |       |       |       |       |       |       |       |   376 ||   376
       Shadow Creatures  |       |       |       |       |       |       |       |       |    44 ||    44
       Dispersal         |       |       |       |       |       |       |       |       |     1 ||     1
Invok: Recite            |       |       |       |    16 |    53 |    44 |    37 |    13 |    11 ||   174
       Vitalisation      |       |       |       |       |     1 |     1 |       |       |       ||     2
       Sanctuary         |       |       |       |       |       |       |       |       |     1 ||     1
Evoke: Wand              |       |       |     3 |     5 |    19 |       |     6 |     2 |     8 ||    43
       Lightning rod     |       |       |       |     5 |     7 |       |       |       |       ||    12
       Phantom mirror    |       |       |       |       |       |       |     1 |       |     1 ||     2
       Phial of floods   |       |       |       |       |       |       |       |     1 |       ||     1
  Use: Scroll            |       |     5 |     5 |     8 |     8 |    11 |    14 |    30 |    44 ||   125
       Potion            |       |       |       |     1 |     1 |     1 |     1 |     7 |    17 ||    28
 Stab: Sleeping          |       |     7 |    10 |    11 |    26 |    27 |    24 |   171 |   433 ||   709
       Distracted        |       |     1 |       |       |     5 |     6 |     5 |     1 |     8 ||    26
       Invisible         |       |       |       |     2 |     3 |     5 |       |       |       ||    10
       Confused          |       |       |       |     1 |    11 |    48 |   115 |    14 |    21 ||   210
       Paralysed         |       |       |       |     1 |     7 |    24 |     6 |     2 |       ||    40
       Petrified         |       |       |       |       |     4 |       |       |       |       ||     4
Armor: Robe              |     6 |     7 |    45 |       |       |       |       |       |       ||    58
       Ring mail         |       |       |    37 |   261 |   516 |   287 |   167 |   208 |   247 ||  1723
       Steam dragon scal |       |       |    14 |       |       |       |       |       |       ||    14
       Scale mail        |       |       |       |   193 |    21 |    25 |   181 |       |       ||   420
       Fire dragon scale |       |       |       |       |       |       |       |       |   281 ||   281
Dodge: Dodged            |    42 |    53 |   222 |   681 |   895 |   715 |   704 |   908 |  1895 ||  6115
Block: Buckler           |       |       |       |       |   148 |       |       |       |       ||   148
       Kite shield       |       |       |       |       |   365 |  1018 |  1087 |   954 |  1848 ||  5272
       Reflection        |       |       |       |       |       |       |       |    34 |    44 ||    78
       Rpst.: Long sword |       |       |    53 |    83 |       |       |       |       |     2 ||   138
       Scimitar          |       |       |       |       |    47 |   145 |   153 |    68 |    80 ||   493
